 Dungeon Crawl Stone Soup version 0.23-a0-296-ga3b1b28 (webtiles) character file.

977253 namelastname112 the Slayer (level 27, -15/251 HPs)
             Began as a Grey Draconian Wanderer on Oct 4, 2018.
             Was the Champion of Dithmenos.
             Killed by the effects of Hell (29 damage)
             ... on level 7 of Tartarus on Oct 5, 2018.
             The game lasted 04:26:19 (114434 turns).

namelastname112 the Slayer (DrWn)                 Turns: 114434, Time: 04:26:20

Health: -15/251    AC: 35    Str: 17    XL:     27
Magic:  30/42      EV: 31    Int: 19    God:    Dithmenos [******]
Gold:   5288       SH: 11    Dex: 24    Spells: 5/56 levels left

rFire    + + +     SeeInvis +   a - +9 quick blade (elec)
rCold    + + .     Gourm    .   C - +3 buckler {rPois}
rNeg     + + .     Faith    .   (armour unavailable)
rPois    +         Spirit   .   P - +2 hat of Undesirable Species {rElec}
rElec    +         Reflect  .   O - +2 cloak "Wut Fois" {rC+ Int+3}
rCorr    .         Harm     .   o - +1 pair of gloves "Caxo" {rN+ SInv Stlth+}
MR       +++..                  s - +1 pair of boots of Gorchido {MR+ Dex+4}
Stlth    ++++++++++             Z - amulet "Tomivaul" {RegenMP rF+ SInv}
HPRegen  1.51/turn              R - ring of Hecho {rF+ rN+ Dex-2 SInv}
MPRegen  0.53/turn              n - ring of Robustness {AC+8}

@: lethally poisoned (-15 -> -15), about to teleport, very slightly
contaminated, regenerating, wreathed by umbra, deflect missiles
A: walk through water, unfitting armour, blurry vision 1, clever 1, cold
resistance 1, fire resistance 3, strong 1, unbreathing, cold-blooded, AC +18
}: 10/15 runes: decaying, serpentine, slimy, silver, abyssal, demonic, glowing,
magical, fiery, dark
a: Shadow Step, Shadow Form, Renounce Religion


You were on level 7 of Tartarus.
You worshipped Dithmenos.
Dithmenos was exalted by your worship.
You were not hungry.

You visited 14 branches of the dungeon, and saw 65 of its levels.
You visited Pandemonium 1 time, and saw 10 of its levels.
You visited the Abyss 2 times.
You visited 2 bazaars.
You visited 1 ziggurat, and saw 10 of its levels.
You also visited: Bailey and Ice Cave.

You collected 32359 gold pieces.
You spent 3088 gold pieces at shops.
You paid 23983 gold pieces to Gozag.

Inventory:

Hand Weapons
 a - a +9 quick blade of electrocution (weapon)
 b - a +9 blowgun
Missiles
 u - 19 curare-tipped needles
 v - 4 needles of paralysis
 H - 5 needles of confusion
Armour
 o - the +1 pair of gloves "Caxo" (worn) {rN+ SInv Stlth+}
   (You found it on level 14 of the Dungeon)

   It protects you from negative energy.
   It lets you see invisible.
   It makes you more stealthy.
 s - the +1 pair of boots of Gorchido (worn) {MR+ Dex+4}
   (You found it on level 3 of the Elven Halls)

   It affects your dexterity (+4).
   It affects your resistance to hostile enchantments.
 C - a +3 buckler of poison resistance (worn)
 O - the +2 cloak "Wut Fois" (worn) {rC+ Int+3}
   (You found it on level 4 of the Depths)

   It affects your intelligence (+3).
   It protects you from cold.
 P - the +2 hat of Undesirable Species (worn) {rElec}
   (You bought it in a shop on level 12 of the Dungeon)

   It insulates you from electricity.
Jewellery
 n - the ring of Robustness (right hand) {AC+8}
   (You found it on level 3 of the Elven Halls)

   [ring of protection]

   It affects your AC (+8).
 y - the ring "Ewnuewn" {rCorr *Contam +Inv rPois Dex+5}
   (You found it on level 10 of a ziggurat)

   [ring of resist corrosion]

   It affects your dexterity (+5).
   It protects you from poison.
   It lets you turn invisible.
   It causes magical contamination when unequipped.
 E - the ring of Midwinter {*Tele rC- MR+++ Str+4 Dex-2, unknown}
   (You found it on level 7 of Tartarus)

   [ring of teleportation]

   It may teleport you next to monsters.
   It affects your strength (+4).
   It affects your dexterity (-2).
   It makes you vulnerable to cold.
   It affects your resistance to hostile enchantments.
 G - the ring "Luaxable" {*Corrode +Fly rF+ rC+ Str+8}
   (You took it off a cherub in Pandemonium)

   [ring of protection from fire]

   It affects your strength (+8).
   It protects you from fire.
   It protects you from cold.
   It lets you fly.
   It may corrode you when you take damage.
 M - the ring "Waah" {rElec rC+ Dex+4}
   (You bought it in a shop in a bazaar)

   [ring of protection from cold]

   It affects your dexterity (+4).
   It protects you from cold.
   It insulates you from electricity.
 R - the ring of Hecho (left hand) {rF+ rN+ Dex-2 SInv}
   (You found it on level 5 of a ziggurat)

   [ring of see invisible]

   It affects your dexterity (-2).
   It protects you from fire.
   It protects you from negative energy.
   It lets you see invisible.
 U - the amulet of Ygohixtuent {Reflect rPois Slay+2 SH+4}
   (You took it off a deep elf death mage on level 3 of the Elven Halls)

   [amulet of reflection]

   It shields you and reflects attacks.
   It affects your accuracy and damage with ranged weapons and melee attacks
   (+2).
   It protects you from poison.
   It affects your SH (+4).
 Z - the amulet "Tomivaul" (around neck) {RegenMP rF+ SInv}
   (You bought it in a shop in a bazaar)

   [amulet of magic regeneration]

   It increases your magic regeneration.
   It protects you from fire.
   It lets you see invisible.
Wands
 q - a wand of digging (47)
 t - a wand of acid (15)
 A - a wand of iceblast (56)
Scrolls
 c - a scroll of blinking
 j - 11 scrolls of teleportation
 k - 28 scrolls of remove curse
 z - 13 scrolls of identify
 B - 8 scrolls of holy word
 D - 11 scrolls of fear
 K - 10 scrolls of amnesia
 L - 5 scrolls of magic mapping
 N - 7 scrolls of silence
 Q - 10 scrolls of enchant armour
 T - 11 scrolls of fog
Potions
 d - 3 potions of berserk rage
 e - 31 potions of curing
 g - 2 potions of invisibility
 h - 3 potions of haste
 i - 4 potions of magic
 l - 5 potions of brilliance
 r - 5 potions of resistance
 w - 8 potions of cancellation
 F - 10 potions of heal wounds
 I - 9 potions of flight
 J - 2 potions of ambrosia
 V - 9 potions of mutation
 X - 4 potions of agility
 Y - 10 potions of might
Miscellaneous
 m - a phial of floods
 p - a fan of gales
 x - 2 boxes of beasts
 S - a lamp of fire
 W - 6 phantom mirrors
Comestibles
 f - 17 rations


   Skills:
 - Level 21.5 Fighting
 - Level 18.6 Short Blades
   Level 1.0 Bows
 - Level 16.5 Throwing
 - Level 18.3 Dodging
 - Level 21.0 Stealth
 - Level 11.8 Shields
 - Level 15.0 Spellcasting
 - Level 20.2 Hexes
 - Level 12.1 Charms
 + Level 9.8 Translocations
 - Level 7.9 Air Magic
 - Level 15.2 Invocations
 - Level 14.2 Evocations


You had 5 spell levels left.
You knew the following spells:

 Your Spells              Type           Power        Failure   Level  Hunger
a - Discord               Hex            ######....   7%          8    #######
b - Portal Projectile     Hex/Tloc       ######       1%          3    None
c - Dazzling Spray        Conj/Hex       ######       1%          3    None
d - Regeneration          Chrm/Necr      #####.....   1%          3    None
e - Blink                 Tloc           N/A          1%          2    None
f - Darkness              Hex            ######....   1%          6    #####..
g - Deflect Missiles      Chrm/Air       ######....   11%         6    #####..
h - Confuse               Hex            ######..     0%          3    None
i - Controlled Blink      Tloc           N/A          99%         8    #######
s - Invisibility          Hex            ######..     1%          6    #####..
x - Spectral Weapon       Hex/Chrm       ######..     1%          3    None

Your spell library contained the following spells:

 Spells                   Type           Power        Failure   Level  Hunger
 Confusing Touch          Hex            ######       0%          1    None
 Corona                   Hex            ######.      0%          1    None
 Slow                     Hex            ######..     0%          2    None
 Tukima's Dance           Hex            ######..     0%          3    None
 Cause Fear               Hex            ######....   0%          4    None
 Apportation              Tloc           ######       1%          1    None
 Infusion                 Chrm           ####         1%          1    None
 Shock                    Conj/Air       ####         1%          1    None
 Ensorcelled Hibernation  Hex/Ice        ######       1%          2    None
 Poisonous Vapours        Pois/Air       ####..       1%          2    None
 Shroud of Golubria       Chrm/Tloc      ######....   1%          2    None
 Song of Slaying          Chrm           ######..     1%          2    None
 Swiftness                Chrm/Air       ######..     1%          2    None
 Gell's Gravitas          Tloc           ######....   1%          3    None
 Inner Flame              Hex/Fire       ######..     1%          3    None
 Lesser Beckoning         Tloc           ######....   1%          3    None
 Ozocubu's Armour         Chrm/Ice       #####...     1%          3    None
 Recall                   Summ/Tloc      N/A          1%          3    None
 Summon Guardian Golem    Hex/Summ       ######..     1%          3    None
 Teleport Other           Tloc           ######..     1%          3    None
 Airstrike                Air            #####.....   1%          4    None
 Leda's Liquefaction      Hex/Erth       ######....   1%          4    None
 Passage of Golubria      Tloc           N/A          1%          4    None
 Metabolic Englaciation   Hex/Ice        ######....   1%          5    ###....
 Silence                  Hex/Air        ######....   1%          5    ###....
 Summon Mana Viper        Hex/Summ       ######..     1%          5    ###....
 Yara's Violent Unravell  Hex/Tmut       ######....   1%          5    ###....
 Static Discharge         Conj/Air       ####....     2%          3    None
 Animate Skeleton         Necr           N/A          4%          1    None
 Beastly Appendage        Tmut           ##....       4%          1    None
 Flame Tongue             Conj/Fire      ##...        4%          1    None
 Freeze                   Ice            ##..         4%          1    None
 Magic Dart               Conj           ##..         4%          1    None
 Pain                     Necr           ##..         4%          1    None
 Sting                    Conj/Pois      ##..         4%          1    None
 Summon Butterflies       Summ           ##......     4%          1    None
 Summon Small Mammal      Summ           ##..         4%          1    None
 Mephitic Cloud           Conj/Pois/Air  ###.....     4%          3    None
 Force Lance              Conj/Tloc      ####....     6%          4    None
 Call Imp                 Summ           ##......     7%          2    None
 Passwall                 Tmut/Erth      ##......     7%          2    None
 Sticks to Snakes         Tmut           ##......     7%          2    None
 Sublimation of Blood     Necr           ##........   7%          2    None
 Throw Flame              Conj/Fire      ##....       7%          2    None
 Throw Frost              Conj/Ice       ##....       7%          2    None
 Summon Lightning Spire   Summ/Air       ####....     9%          4    None
 Call Canine Familiar     Summ           ##......     13%         3    None
 Conjure Flame            Conj/Fire      ##......     13%         3    None
 Ignite Poison            Fire/Tmut/Pois ##......     13%         3    None
 Spider Form              Tmut/Pois      ##........   13%         3    None
 Vampiric Draining        Necr           ##........   13%         3    None
 Summon Forest            Summ/Tloc      ####......   16%         5    ###....
 Lightning Bolt           Conj/Air       ####......   24%         5    ###....
 Animate Dead             Necr           N/A          41%         4    None
 Ice Form                 Ice/Tmut       ##......     41%         4    None
 Olgreb's Toxic Radiance  Pois           ##......     41%         4    None
 Petrify                  Tmut/Erth      ##......     41%         4    None
 Sticky Flame             Conj/Fire      ##......     41%         4    None
 Summon Ice Beast         Ice/Summ       ##......     41%         4    None
 Throw Icicle             Conj/Ice       ##......     41%         4    None
 Alistair's Intoxication  Tmut/Pois      ##......     77%         5    ###....
 Aura of Abjuration       Summ           ##........   77%         5    ###....
 Blade Hands              Tmut           ##........   77%         5    ###....
 Bolt of Magma            Conj/Fire/Erth ##........   77%         5    ###....
 Borgnjor's Vile Clutch   Necr/Erth      ##........   77%         5    ###....
 Dispel Undead            Necr           ##......     77%         5    ###....
 Fireball                 Conj/Fire      ##........   77%         5    ###....
 Irradiate                Conj/Tmut      ##........   77%         5    ###....
 Lee's Rapid Deconstruct  Erth           ##........   77%         5    ###....
 Summon Demon             Summ           ##........   77%         5    ###....
 Venom Bolt               Conj/Pois      ##........   77%         5    ###....
 Conjure Ball Lightning   Conj/Air       ####......   80%         6    #####..
 Freezing Cloud           Conj/Ice/Air   ###.......   93%         6    #####..
 Ring of Flames           Chrm/Fire      #####.....   97%         7    ######.
 Malign Gateway           Summ/Tloc      ####......   99%         7    ######.
 Bolt of Cold             Conj/Ice       ##........   100%        6    #####..
 Bolt of Fire             Conj/Fire      ##........   100%        6    #####..
 Death Channel            Necr           ##........   100%        6    #####..
 Hydra Form               Tmut           ##........   100%        6    #####..
 Iron Shot                Conj/Erth      ##........   100%        6    #####..
 Ozocubu's Refrigeration  Ice            ##........   100%        6    #####..
 Shadow Creatures         Summ           N/A          100%        6    #####..
 Simulacrum               Ice/Necr       ##........   100%        6    #####..
 Statue Form              Tmut/Erth      ##.......    100%        6    #####..
 Dragon Form              Tmut           ##........   100%        7    ######.
 Spellforged Servitor     Conj/Summ      ##........   100%        7    ######.
 Summon Hydra             Summ           ##........   100%        7    ######.
 Ignition                 Fire           ##........   100%        8    #######
 Necromutation            Tmut/Necr      ##........   100%        8    #######
 Dragon's Call            Summ           ##........   100%        9    #######
 Shatter                  Erth           ##........   100%        9    #######
 Tornado                  Air            #####.....   100%        9    #######


Dungeon Overview and Level Annotations

Branches:
Dungeon (15/15)            Temple (1/1) D:4            Lair (6/6) D:8
  Swamp (4/4) Lair:3        Snake (4/4) Lair:3        Slime (5/5) Lair:5
    Orc (2/2) D:12            Elf (3/3) Orc:2        Vaults (5/5) D:13
  Crypt (3/3) Vaults:2     Depths (5/5) D:15           Hell (1/1)
    Dis (0/7) Hell            Geh (0/7) Hell            Coc (0/7) Hell
    Tar (7/7) Hell            Zot (4/5) Depths:5
   Tomb: Crypt:3

Altars:
Ashenzari
Cheibriados
Dithmenos
Elyvilon
Fedhas
Gozag
Hepliaklqana
Kikubaaqudgha
Makhleb
Nemelex Xobeh
Okawaru
Qazlal
Ru
Sif Muna
Trog
Uskayaw
Vehumet
Wu Jian
Xom
Yredelemnul
Zin
The Shining One
Beogh
Jiyva

Shops:
D:4 %   D:12 [**=[=   D:14 !   D:15 !   Orc:2 *?}[:(}%}   Elf:1 }   Snake:1 }=}
Snake:3 *(:*?   Vaults:2 [*:(*?}   Depths:1 :

Portals:
Hell: Depths:1 Depths:2 Depths:3 Depths:4 Depths:5
Abyss: Depths:1 Depths:2 Depths:3 Depths:4
Pandemonium: Depths:3

Annotations:
D:7 exclusion: oklob plant
Lair:4 exclusion: 2 oklob plants
Lair:5 exclusion: oklob plant
Elf:1 exclusion: Roxanne, Roxanne
Elf:2 5 runed doors
Vaults:2 3 runed doors, exclusion: obsidian statue, Roced's ghost, adept CeHu


Innate Abilities, Weirdness & Mutations

You can walk through water.
Your dull iron-grey scales are very hard. (AC +18)
You cannot fit into any form of body armour.
You can survive without breathing.
You are cold-blooded and may be slowed by cold attacks.
Scrolls take you a little longer to read.
Your mind is acute. (Int +2)
Your flesh is cold resistant. (rC+)
Your flesh is almost immune to the effects of heat. (rF+++)
Your muscles are strong. (Str +2)


Message History

The skeletal warrior hits you from afar with a glaive.
* * * LOW HITPOINT WARNING * * *
Something bites the shadow demon!!
Something claws the shadow demon but does no damage.
Something claws the shadow demon!!
The Tzitzimitl gestures at you.
The bolt of negative energy misses the skeletal warrior.
The bolt of negative energy misses you.
The tormentor calls on the powers of darkness!
Your body is wracked with pain!
* * * LOW HITPOINT WARNING * * *
You block the reaper's attack. The shadow demon closely misses you.
The skeletal warrior closely misses the tormentor.
The skeletal warrior hits you with a battleaxe of flaming.
* * * LOW HITPOINT WARNING * * *
The shadow demon hits something but does no damage.
A flying skull comes into view.
You shiver with fear.
You convulse helplessly as pain tears through your body!
You die...

,,*,,,,,,,,,,,........z..§z......
,,*,,,,,,,,,,,.........z(§§......
,,*,,,,,,*#####.....##...##.....#
,,*,,,,,**....###§..#.....#..1###
,,*,,,,,*,*#.5.3....2...........,
,,*,,..,*,*#...4.)W.Zz...........
,,*,....*,*#...5D2zz.............
,,*,....#*,,,,###2z.#.....#...***
,,*,.....######§@z.1##,,,**,,,,,*
,,*,...........§§2§.....,,,,,,,,,
,,*,..........§.§§§......,,,,,,,,
,,*,.....................,,,,,,,,
,,*,.................#...*,,,,,,,
,,*..........##......#...*,,,,,,*
,,*.........####....##,..**,,,,**
,,*#........##*#....#,,,,,*,,,,**
...##........##.....#,,,,,*,,,,,*


You could see a Tzitzimitl, a reaper, 4 skeletal warriors, 2 shadow demons, a
tormentor, a wraith, a flying skull (wandering), a fire giant skeleton and a
neutral skeletal warrior (insane).

Vanquished Creatures
  Cerebov (Pan)
  the Royal Jelly (Slime:5)
  Ereshkigal (Tar:7)
  A seraph (Pan)
  Gloorx Vloq (Pan)
  Lom Lobon (Pan)
  Mnoleg (Pan)
  2 pandemonium lords
  An orb of fire (Zot:1)
  2 ancient liches
  Boris (Depths:4)
  4 curse toes
  Margery (Depths:5)
  Vashnia (Snake:3)
  6 caustic shrikes
  Geryon (Hell)
  A profane servitor (Crypt:3)
  2 pearl dragons (Pan)
  6 golden dragons
  Jory (Depths:5)
  3 bone dragons
  An iron giant (Zig:7)
  A shard shrike zombie (Crypt:3)
  An electric golem (Zot:2)
  7 Tzitzimimeh
  A Brimstone Fiend (Pan)
  A hellephant (Hell)
  6 doom hounds
  21 tentacled monstrosities
  10 liches
  Asterion (Snake:4)
  3 deep elf blademasters
  An Ice Fiend (Pan)
  2 titans
  8 quicksilver dragons
  4 deep elf master archers
  16 Executioners (Pan)
  9 sphinxes
  8 death cobs
  4 tentacled starspawn
  Gastronok (Lair:1)
  9 acid blobs
  8 ancient champions
  8 storm dragons
  4 thorn hunters
  15 shadow dragons
  6 azure jellies
  4 tengu reavers
  2 revenants
  18 daevas (Pan)
  9 draconian monks
  9 frost giants
  11 vault wardens
  5 draconian knights
  2 iron dragons (Vaults:5)
  10 nagarajas
  10 fire giants
  11 balrugs
  7 deep elf sorcerers
  An emperor scorpion (Zig:3)
  7 ghost moths
  9 cacodemons
  2 orc warlords (Orc:2)
  Louise (Snake:3)
  2 deep elf elementalists (Elf:3)
  5 draconian scorchers
  3 draconian shifters
  A black sun (Pan)
  43 angels (Pan)
  5 draconian stormcallers
  5 curse skulls
  5 spriggan defenders
  A juggernaut zombie (Hell)
  14 ironheart preservers
  33 very ugly things
  9 ghouls
  A juggernaut skeleton (Crypt:1)
  9 draconian annihilators
  A blood saint (Pan)
  5 war gargoyles
  18 ophanim (Pan)
  14 stone giants
  The ghost of nht the Martial Artist, a journeyman DsFi of Okawaru (Orc:1)
  5 entropy weavers
  A caustic shrike skeleton (Depths:4)
  34 apis (Pan)
  11 reapers
  A corrupter (Pan)
  10 vampire knights
  3 lorocyprocas
  9 black draconians
  Azrael (D:13)
  6 deep elf demonologists
  11 green draconians
  2 dire elephants (Lair:6)
  8 white draconians
  15 yellow draconians
  3 deep elf annihilators
  2 spark wasps (Depths:4)
  Snorg (Lair:5)
  8 red draconians
  14 purple draconians
  A merfolk javelineer (Depths:3)
  6 eidola
  5 deep elf death magi
  3 green deaths
  2 mummy priests
  4 blizzard demons
  8 ettins
  A quicksilver dragon zombie (Hell)
  16 fire dragons
  9 jiangshi
  14 yaktaur captains
  26 vault guards
  7 great orbs of eyes
  Fannar (D:11)
  24 ogre magi
  12 rakshasas
  A death ooze (Zig:4)
  2 deep elf high priests (Elf:3)
  A hell beast (Depths:3)
  15 ice dragons
  6 spriggan air magi
  4 ghost crabs
  22 naga warriors
  A quicksilver dragon skeleton (Tar:3)
  A hydra (shapeshifter) (Vaults:5)
  17 hydras
  2 death knights
  Erica (D:11)
  12 centaur warriors
  13 anacondas
  3 shambling mangroves (Swamp:3)
  2 merfolk avatars
  45 two-headed ogres
  5 hell hogs (Hell)
  11 death yaks
  11 deep troll shamans
  14 vampire magi
  4 tengu warriors
  17 deep troll earth magi
  22 alligators
  An orc high priest (Orc:2)
  8 thrashing horrors
  Urug (D:13)
  18 shock serpents
  21 naga sharpshooters
  2 titan zombies (Hell)
  8 spriggan berserkers
  13 sun demons
  22 soul eaters
  Nergalle (D:11)
  5 iron trolls
  2 storm dragon zombies
  2 titan skeletons
  3 spark wasp zombies (Depths:4)
  22 deep elf knights
  7 salamander mystics
  9 sixfirhies
  An iron golem (Hell)
  12 shadow wraiths
  2 golden dragon zombies
  A death drake (Zot:3)
  29 skeletal warriors
  3 torturous demonspawn (Pan)
  6 wretched stars
  A storm dragon skeleton (Vaults:3)
  11 hell knights
  38 deep trolls
  A sea snake (shapeshifter) (Vaults:5)
  8 shadow demons
  11 cherubim (Pan)
  4 unseen horrors
  11 flayed ghosts
  2 spatial maelstroms
  3 sea snakes (Snake:4)
  8 starcursed masses
  2 lindwurms (Lair:6)
  16 orc knights
  16 wizards
  15 swamp dragons
  4 spriggan druids (Swamp:4)
  7 glowing orange brains
  A lindwurm (shapeshifter) (Vaults:4)
  19 deep elf archers
  8 ironbrand convokers
  12 naga ritualists
  4 necromancers
  A mana viper (shapeshifter) (Depths:4)
  62 deep elf magi
  6 phantasmal warriors
  7 harpies
  An orb spider (shapeshifter) (Depths:2)
  An obsidian statue (Depths:5)
  2 frost giant zombies
  A wolf spider zombie (Tar:3)
  6 wolf spiders
  14 mana vipers
  2 orb spiders
  A stone giant zombie (Vaults:3)
  2 shadow dragon skeletons
  A shining eye (shapeshifter) (Vaults:3)
  3 orc sorcerers
  A cyclops (shapeshifter) (Depths:2)
  10 salamanders
  2 elephants (Lair:6)
  A faun (shapeshifter) (Depths:4)
  24 moths of wrath
  4 cyclopes
  70 ugly things
  A moth of wrath (shapeshifter) (Vaults:2)
  A manticore (D:15)
  A salamander (shapeshifter) (Vaults:4)
  An iron dragon skeleton (Pan)
  6 shining eyes
  56 black mambas
  3 spiny frogs (shapeshifter)
  14 naga magi
  15 vault sentinels
  2 stone giant skeletons
  A worldbinder (Abyss:4)
  2 centaur zombies (D:14)
  11 guardian serpents
  12 rust devils
  A guardian serpent (shapeshifter) (Depths:4)
  Maurice (D:11)
  3 fire giant skeletons
  7 orange demons
  An eye of devastation (Zig:8)
  11 smoke demons
  4 gargoyles
  2 torpor snails
  An eye of devastation (shapeshifter) (Abyss:1)
  An ice statue (IceCv)
  3 hellions
  A shock serpent skeleton (Crypt:3)
  20 spiny frogs
  7 komodo dragons
  An efreet (Abyss:3)
  A spriggan zombie (Hell)
  31 yaktaurs
  A dire elephant skeleton (Tar:2)
  19 rime drakes
  6 kobold demonologists
  4 hellwings
  A ghost moth simulacrum (Tar:2)
  7 demonic crawlers
  6 ice devils
  An iron troll zombie (Crypt:1)
  A grey draconian skeleton (Crypt:2)
  6 tengu conjurers
  15 freezing wraiths
  3 tormentors
  13 red devils
  8 guardian mummies (Crypt:3)
  A hydra zombie (Crypt:3)
  A harpy zombie (Crypt:3)
  11 tyrant leeches
  A merfolk (D:13)
  2 ancient zymes
  11 polar bears
  2 jumping spiders (Vaults:4)
  19 hornets
  5 trolls
  A death drake zombie (Crypt:1)
  A death drake skeleton (Crypt:1)
  3 meliai zombies
  12 hippogriffs
  107 slime creatures
  2 polar bears (shapeshifter)
  10 raiju
  13 bog bodies
  2 ettin zombies
  20 blink frogs
  A harpy skeleton (Tar:4)
  3 dream sheep (Lair:6)
  A stone giant simulacrum (Vaults:1)
  A deep troll zombie (Hell)
  An iron dragon simulacrum (Crypt:3)
  A black mamba zombie (Tar:3)
  16 flying skulls
  3 air elementals
  A tarantella (shapeshifter) (Vaults:2)
  A yak (shapeshifter) (Vaults:3)
  24 shadows
  14 water elementals
  A fire dragon skeleton (Tar:2)
  3 wyverns
  5 redbacks
  8 wraiths
  5 vampires
  4 ettin skeletons
  60 yaks
  15 spriggans
  A tarantella (Vaults:4)
  4 ynoxinuls
  An ice dragon skeleton (Crypt:3)
  3 basilisks
  A fire bat (shapeshifter) (D:15)
  15 fire elementals
  5 golden eyes
  20 neqoxecs
  Grum (Lair:1)
  38 vampire mosquitoes
  6 chaos spawn
  9 steam dragons
  A torturous demonspawn zombie (Crypt:2)
  4 wargs
  8 insubstantial wisps
  20 swamp worms
  A swamp worm (shapeshifter) (Vaults:3)
  32 large abominations
  3 acid dragons
  76 nagas
  2 soldier ants (shapeshifter)
  4 spatial vortices
  3 floating eyes (Pan)
  A gelid demonspawn skeleton (Crypt:2)
  7 porcupines
  8 hell hounds
  3 ice beasts
  11 water moccasins
  2 spiny frog zombies
  A floating eye (shapeshifter) (Depths:4)
  17 swamp drakes
  A snapping turtle zombie (Abyss:3)
  61 orc warriors
  An ice beast (shapeshifter) (Vaults:3)
  36 ogres
  4 sky beasts
  4 eyes of draining
  6 phantoms
  2 manticore zombies
  A boggart (shapeshifter) (Vaults:5)
  A spiny frog skeleton (Hell)
  16 boggarts
  29 wolves
  12 necrophages
  A snapping turtle skeleton (Tar:4)
  An elephant skeleton (Crypt:3)
  A manticore skeleton (Tar:3)
  2 swamp dragon skeletons
  26 centaurs
  A rime drake zombie (Crypt:2)
  17 crocodiles
  9 big kobolds
  Blork the orc (D:6)
  3 human zombies
  3 earth elementals
  A gnoll sergeant (D:9)
  A wyvern zombie (D:14)
  17 bullfrogs
  A water moccasin zombie (Crypt:3)
  6 scorpions
  A raiju zombie (Crypt:2)
  12 killer bees
  27 wights
  A spriggan skeleton (Crypt:3)
  8 electric eels
  7 howler monkeys
  A wolf zombie (Crypt:1)
  12 crimson imps
  11 small abominations
  A quasit (D:11)
  A bullfrog zombie (D:11)
  3 jellies
  3 iron imps
  A soldier ant zombie (Crypt:2)
  12 hounds
  4 centaur skeletons
  21 orc priests
  2 iguanas
  A black bear skeleton (Crypt:1)
  A human skeleton (Crypt:2)
  37 orc wizards
  9 worker ants
  A felid skeleton (Crypt:3)
  A crocodile skeleton (Crypt:3)
  A hound zombie (D:9)
  A hound skeleton (D:6)
  A mummy (D:14)
  A howler monkey zombie (D:10)
  14 gnolls
  A steam dragon zombie (Crypt:3)
  17 adders
  A hound simulacrum (D:8)
  8 shadow imps
  4 white imps
  A worker ant simulacrum (D:8)
  2 ufetubi
  An adder zombie (Crypt:2)
  An ooze (D:3)
  3 worms
  An adder simulacrum (D:8)
  2 dart slugs
  6 leopard geckos
  144 orcs
  5 bats (D:2)
  6 giant cockroaches
  28 goblins
  8 hobgoblins
  5 jackals
  38 kobolds
  6 quokkas
  A ball python (D:5)
  4 frilled lizards
  A giant cockroach zombie (Crypt:1)
  2 jackal skeletons
  A kobold zombie (Crypt:2)
  3 quokka skeletons
  2 rats (D:3)
  A rat zombie (Crypt:2)
  A fungus (Elf:3)
  A lurking horror (Abyss:3)
  6 starspawn tentacles
3412 creatures vanquished.

Vanquished Creatures (collateral kills)
  2 acid blobs
  A deep elf master archer (Zig:9)
  2 tengu reavers (Vaults:5)
  A balrug (Pan)
  9 death oozes
  An ettin (Zig:7)
  2 great orbs of eyes (Zig:6)
  A vault guard (Vaults:5)
  3 hydras (Zig:10)
  A ghost crab (Zig:10)
  An alligator (Zig:10)
  4 hell hogs (Hell)
  A swamp dragon (Zig:10)
  A soul eater (Tar:4)
  A hell knight (Hell)
  An iron golem (Hell)
  A sun demon (Pan)
  A glowing orange brain (Zig:6)
  4 deep elf magi (Zig:9)
  A necromancer (Hell)
  A shining eye (Zig:6)
  A cyclops (Zig:7)
  3 rust devils (Hell)
  2 ice statues (Hell)
  A spiny frog (Zig:10)
  An orange demon (Pan)
  An eye of devastation (Slime:5)
  A yaktaur zombie (Hell)
  An efreet (Pan)
  An ancient zyme (Zig:8)
  A tyrant leech (Zig:10)
  A hornet (Zig:10)
  5 slime creatures (Slime:4)
  A hydra skeleton (Hell)
  A flying skull (Tar:4)
  3 ynoxinuls (Pan)
  A large abomination (Zig:8)
  A spiny frog zombie (Hell)
  An eye of draining (Slime:5)
  A spiny frog skeleton (Hell)
  4 necrophages (Tar:4)
  A swamp drake (Zig:10)
  6 shadow imps (Tar:4)
79 creatures vanquished.

Vanquished Creatures (others)
  An ancient lich (Vaults:5)
  Xtahua (Vaults:5)
  A golden dragon (Vaults:5)
  2 tentacled monstrosities (Vaults:5)
  A titan (Vaults:5)
  2 eldritch tentacles
  3 azure jellies (Slime:5)
  A tengu reaver (Vaults:5)
  3 frost giants
  4 fire giants
  5 vault wardens (Vaults:5)
  A deep elf elementalist (Vaults:5)
  A reaper (Hell)
  An ironheart preserver (Vaults:5)
  A war gargoyle (Vaults:5)
  An apis (Pan)
  7 stone giants (Vaults:5)
  3 ettins (Vaults:5)
  A white draconian (Zot:1)
  A deep elf annihilator (Vaults:5)
  A purple draconian (Zot:1)
  A deep elf death mage (Vaults:5)
  A green death (Pan)
  A blizzard demon (Pan)
  2 ogre magi
  4 yaktaur captains (Vaults:5)
  2 hydras
  2 deep elf high priests (Vaults:5)
  An ice dragon (Vaults:5)
  17 vault guards (Vaults:5)
  A ghost crab (Zig:10)
  9 dancing weapons
  2 alligators (Zig:10)
  A two-headed ogre (Vaults:5)
  A deep troll earth mage (Depths:5)
  4 hell hogs (Hell)
  4 sun demons (Pan)
  A skeletal warrior (Tar:7)
  5 hell knights
  A cherub (Pan)
  2 deep elf knights
  A deep troll (Depths:5)
  A swamp dragon (Swamp:4)
  A wizard (Pan)
  6 harpies (Vaults:5)
  A necromancer (Hell)
  A mana viper (Snake:4)
  2 phantasmal warriors (Vaults:5)
  A deep elf mage (Vaults:5)
  An ugly thing (Swamp:4)
  A cyclops (Zig:7)
  A smoke demon (Pan)
  A vault sentinel (Vaults:5)
  A naga mage (Snake:4)
  7 yaktaurs
  A komodo dragon (shapeshifter) (Vaults:5)
  A freezing wraith (Hell)
  A hellwing (Zig:5)
  2 rime drakes (Swamp:4)
  An ancient zyme (Zig:8)
  A hornet (Vaults:5)
  6 polar bears (IceCv)
  A bog body (Zig:10)
  A large abomination (Abyss:1)
  A shadow (Zig:8)
  7 yaks (IceCv)
  A hell hound (Abyss:1)
  2 swamp drakes (Swamp:4)
  A floating eye (shapeshifter) (Vaults:5)
  2 necrophages (Tar:4)
  3 centaurs (Depths:1)
  4 ogres
  3 wolves (IceCv)
  A crimson imp (Hell)
  An orc priest (Vaults:5)
  A jelly (D:13)
  2 ball lightnings (Pan)
  An orc (Vaults:5)
  14 fungi
  29 plants
  37 spectral weapons
  11 starspawn tentacles
  4 withered plants (D:14)
270 creatures vanquished.

Grand Total: 3761 creatures vanquished

Notes
Turn   | Place    | Note
-------+----------+-------------------------------------------
     0 | D:1      | namelastname112 the Draconian Wanderer began the quest for
                  | the Orb.
     0 | D:1      | namelastname112 set off with: a +0 mace, a potion of
                  | lignification, a ration
     0 | D:1      | Reached XP level 1. HP: 22/22 MP: 2/2
     2 | D:1      | Noticed a troll
     2 | D:1      | Noticed a demonspawn
     4 | D:1      | Noticed a ghoul
     4 | D:1      | Noticed a formicid
     6 | D:1      | Noticed a demigod
     6 | D:1      | Noticed a minotaur
     8 | D:1      | Noticed a human
     8 | D:1      | Noticed a centaur
    10 | D:1      | Noticed a vampire
    10 | D:1      | Noticed an ogre
    12 | D:1      | Noticed a merfolk
    14 | D:1      | Noticed a felid
    14 | D:1      | Noticed a vine stalker
    16 | D:1      | Noticed a naga
    18 | D:1      | Noticed an octopode
    18 | D:1      | Noticed a gargoyle
    20 | D:1      | Noticed a draconian
    20 | D:1      | Noticed a halfling
    22 | D:1      | Noticed an elf
    22 | D:1      | Noticed a dwarf
    24 | D:1      | Noticed a spriggan
    26 | D:1      | Noticed a tengu
   362 | D:2      | Reached XP level 2. HP: 28/28 MP: 4/4
   373 | D:2      | Reached skill level 1 in Dodging
   712 | D:2      | Reached XP level 3. HP: 35/35 MP: 5/5
  1016 | D:2      | Reached skill level 5 in Fighting
  1316 | D:2      | Reached XP level 4. HP: 42/42 MP: 7/7
  1649 | D:2      | Found a basalt altar of Yredelemnul.
  2385 | D:3      | Reached XP level 5. HP: 48/48 MP: 8/8
  2448 | D:3      | Found an opulent altar of Gozag.
  2512 | D:3      | Found a sparkling altar of Nemelex Xobeh.
  3687 | D:3      | Became a worshipper of Gozag Ym Sagoz the Greedy
  3714 | D:4      | Found an ancient bone altar of Kikubaaqudgha.
  3749 | D:4      | Found Biemno Iriji's Food Boutique.
  3913 | D:4      | Reached skill level 1 in Short Blades
  4331 | D:4      | Found a staircase to the Ecumenical Temple.
  4342 | D:4      | Found a glowing golden altar of the Shining One.
  4343 | D:4      | Found a shattered altar of Ashenzari.
  4372 | D:4      | Reached XP level 6. HP: 57/57 MP: 10/10
  4717 | D:5      | Entered Level 5 of the Dungeon
  4926 | D:5      | Your scales start taking on a dull iron-grey colour.
  4926 | D:5      | Reduced skill Air Magic to level 1
  4926 | D:5      | Reached XP level 7. HP: 48/63 MP: 11/11
  4926 | D:5      | Gained mutation: You can survive without breathing. [Grey
                  | Draconian growth]
  5521 | D:6      | Noticed Blork the orc
  5529 | D:6      | Killed Blork the orc
  5574 | D:6      | Reached XP level 8. HP: 67/71 MP: 12/12
  6237 | D:7      | Reached skill level 5 in Stealth
  6316 | D:7      | Noticed an oklob plant
  6339 | D:7      | Reached skill level 5 in Short Blades
  6625 | D:7      | Found a stormy altar of Qazlal.
  6742 | D:7      | Reached XP level 9. HP: 50/79 MP: 13/13
  7157 | D:8      | Noticed a troll
  7181 | D:8      | Killed a troll
  7230 | D:8      | Reached skill level 5 in Dodging
  7348 | D:8      | Noticed a polar bear
  7365 | D:8      | Killed a polar bear
  7801 | D:8      | Found a staircase to the Lair.
  7891 | D:8      | Found an ornate altar of the Wu Jian Council.
  8478 | D:8      | Noticed a polar bear
  8489 | D:8      | Killed a polar bear
  8489 | D:8      | Reached XP level 10. HP: 82/88 MP: 14/14
 10364 | D:10     | Entered Level 10 of the Dungeon
 10752 | D:10     | Found a flagged portal.
 10774 | Bailey   | Entered a bailey
 10830 | Bailey   | Reached XP level 11. HP: 97/97 MP: 15/15
 10863 | Bailey   | Noticed an orc knight
 10887 | Bailey   | Killed an orc knight
 12343 | D:11     | Reached skill level 10 in Stealth
 12411 | D:11     | Reached skill level 10 in Short Blades
 12429 | D:11     | Noticed Maurice
 12481 | D:11     | Killed Maurice
 12647 | D:11     | Noticed Nergalle
 12670 | D:11     | Killed Nergalle
 13078 | D:11     | Noticed Erica
 13110 | D:11     | Killed Erica
 13260 | D:11     | Reached skill level 10 in Fighting
 13323 | D:11     | Noticed Fannar
 13387 | D:11     | Killed Fannar
 13872 | D:12     | Noticed a deep elf mage
 13968 | D:12     | Reached XP level 12. HP: 90/106 MP: 16/16
 13996 | D:12     | Found a frozen archway.
 14070 | IceCv    | Entered an ice cave
 15231 | IceCv    | Noticed a death yak
 15266 | IceCv    | Killed a death yak
 15916 | IceCv    | Noticed a frost giant
 16332 | IceCv    | Killed a frost giant
 16614 | D:12     | Noticed a tengu warrior
 17058 | D:12     | Found a roughly hewn altar of Beogh.
 17058 | D:12     | Found a staircase to the Orcish Mines.
 17984 | D:13     | HP: 7/165 [centaur (3)]
 18469 | D:13     | Noticed a two-headed ogre
 18473 | D:13     | Killed a two-headed ogre
 18543 | D:13     | Reached XP level 13. HP: 116/116 MP: 17/17
 19087 | D:13     | Got a bloodstained dagger
 19088 | D:13     | Identified the +4 dagger "Adumimn" {pierce, Str+4} (You
                  | found it on level 13 of the Dungeon)
 19267 | Lair:1   | Entered Level 1 of the Lair of Beasts
 19267 | Lair:1   | Noticed Grum
 19675 | Lair:1   | Killed Grum
 21987 | Lair:1   | Noticed Gastronok
 22015 | Lair:1   | Killed Gastronok
 23056 | Lair:3   | Reached skill level 5 in Throwing
 23133 | Lair:3   | Found a staircase to the Snake Pit.
 23443 | Lair:3   | Found a staircase to the Swamp.
 23992 | Lair:4   | Reached XP level 14. HP: 126/126 MP: 18/18
 25584 | Lair:4   | Reached skill level 10 in Dodging
 26011 | Lair:5   | Noticed Snorg
 26024 | Lair:5   | Killed Snorg
 26339 | Lair:5   | Found a viscous altar of Jiyva.
 26340 | Lair:5   | Found a staircase to the Slime Pits.
 26712 | Lair:6   | Entered Level 6 of the Lair of Beasts
 28305 | Lair:6   | HP: 4/127 [lindwurm/blast of flame (28)]
 30921 | Lair:6   | Identified a scroll of acquirement
 31171 | Lair:6   | Got an encrusted rapier
 31172 | Lair:6   | Identified the +3 rapier of the Hand {drain, Fragile rPois
                  | MR++} (You acquired it on level 6 of the Lair of Beasts)
 31260 | Lair:6   | Reached XP level 15. HP: 118/136 MP: 19/19
 31818 | Orc:1    | Entered Level 1 of the Orcish Mines
 31989 | Orc:1    | Found a roughly hewn altar of Beogh.
 32035 | Orc:1    | Found a runed gate.
 32035 | Orc:1    | Found a runed gate.
 32035 | Orc:1    | Found a runed gate.
 32038 | Orc:1    | Found an opulent altar of Gozag.
 32049 | Orc:1    | Noticed nht's ghost (journeyman DsFi)
 32312 | Orc:1    | Killed nht's ghost
 32400 | Orc:2    | Entered Level 2 of the Orcish Mines
 32400 | Orc:2    | Found Arghesyib's Book Boutique.
 33152 | Orc:2    | Found a staircase to the Elven Halls.
 33164 | Orc:2    | Found Fiuckerr's Gadget Shop.
 33311 | Orc:2    | Found Deir's Gadget Shop.
 33424 | Orc:2    | Found Neiriseu's General Store.
 33489 | Orc:2    | Found a roughly hewn altar of Beogh.
 33757 | Orc:2    | Noticed an orc warlord
 33818 | Orc:2    | Killed an orc warlord
 34331 | Orc:2    | Found Ninneur's Gadget Boutique.
 34437 | Orc:2    | Noticed an orc warlord
 34439 | Orc:2    | Gained mutation: You are dopey. (Int -2) [a neqoxec]
 34447 | Orc:2    | Found Fano's Antique Weapon Shop.
 34447 | Orc:2    | Found a roughly hewn altar of Beogh.
 34449 | Orc:2    | Found Ovetuvefa's Antique Armour Boutique.
 34811 | Orc:2    | Found a roughly hewn altar of Beogh.
 34815 | Orc:2    | Found Lossi's Magic Scroll Shoppe.
 34852 | Orc:2    | Bought a scroll of acquirement for 884 gold pieces
 35002 | Orc:2    | Killed an orc warlord
 35521 | Orc:2    | Found a roughly hewn altar of Beogh.
 35522 | Orc:2    | Found Imyforen's Food Boutique.
 36044 | Orc:2    | Bought a scroll of brand weapon for 340 gold pieces
 36096 | D:12     | Bought a crude hat for 225 gold pieces
 36106 | D:12     | Identified the +2 hat of Undesirable Species {rElec} (You
                  | bought it in a shop on level 12 of the Dungeon)
 36114 | D:12     | Bought a pair of runed boots for 150 gold pieces
 36225 | D:13     | Noticed Urug
 36254 | D:13     | Killed Urug
 36541 | D:13     | Noticed Azrael
 36586 | D:13     | Killed Azrael
 36908 | D:13     | Found a gate to the Vaults.
 37128 | D:14     | Found Wouroym's Distillery.
 37540 | D:14     | Got a pair of heavily runed gloves
 37774 | D:14     | Reached skill level 1 in Shields
 37894 | D:14     | Identified the +1 pair of gloves "Caxo" {rN+ SInv Stlth+}
                  | (You found it on level 14 of the Dungeon)
 38559 | D:15     | Entered Level 15 of the Dungeon
 39108 | D:15     | Reached XP level 16. HP: 96/146 MP: 20/20
 40244 | D:15     | Found a staircase to the Depths.
 40418 | D:15     | Found a sparkling altar of Nemelex Xobeh.
 40686 | Elf:1    | Entered Level 1 of the Elven Halls
 40715 | Elf:1    | Noticed Roxanne
 42285 | Elf:2    | Reached skill level 15 in Stealth
 42442 | Elf:2    | Found a radiant altar of Vehumet.
 42561 | Elf:2    | Found a flickering gateway to a bazaar.
 42570 | Bazaar   | Entered a bazaar
 42811 | Bazaar   | Found Ylis's Antique Armour Shop.
 42825 | Bazaar   | Found Cegrub's Food Boutique.
 42854 | Bazaar   | Found Reubish's Food Boutique.
 42868 | Bazaar   | Found Qaoleh's Jewellery Shop.
 42882 | Bazaar   | Found Bakk's Food Boutique.
 42896 | Bazaar   | Found Vaaquzof's Distillery.
 42955 | Bazaar   | Bought the amulet "Tomivaul" {RegenMP rF+ SInv} for 482
                  | gold pieces
 42959 | Bazaar   | Bought the ring "Waah" {rElec rC+ Dex+4} for 474 gold
                  | pieces
 43021 | Elf:1    | Found Qaugul's Gadget Emporium.
 43074 | Elf:1    | Reached skill level 15 in Short Blades
 43153 | Elf:1    | Identified the Reference Book on Calling
 43778 | Elf:2    | Found the +4 dagger "Morg" {pain, MR+ Int+5}
 43788 | Elf:2    | Found a huge runed gate.
 43788 | Elf:2    | Found a huge runed gate.
 43788 | Elf:2    | Found a huge runed gate.
 43788 | Elf:2    | Found a huge runed gate.
 43815 | Elf:2    | Found a huge runed gate.
 43935 | Elf:3    | Entered Level 3 of the Elven Halls
 44148 | Elf:3    | Reached skill level 15 in Fighting
 44441 | Elf:3    | Reached XP level 17. HP: 156/156 MP: 21/21
 44960 | Elf:3    | Reached skill level 10 in Throwing
 45606 | Elf:3    | Cast into level 3 of the Abyss (a deep elf sorcerer)
 46009 | Abyss:3  | Found a stormy altar of Qazlal.
 46295 | Abyss:3  | Noticed a lich
 46309 | Abyss:3  | Killed a lich
 46315 | Elf:3    | Escaped the Abyss
 46710 | Elf:3    | Noticed a deep elf blademaster
 46763 | Elf:3    | Killed a deep elf blademaster
 47085 | Elf:3    | Noticed a deep elf master archer
 47102 | Elf:3    | Killed a deep elf master archer
 47257 | Elf:3    | Got a smoking brass amulet
 47264 | Elf:3    | Identified the amulet of Ygohixtuent {Reflect rPois Slay+2
                  | SH+4} (You took it off a deep elf death mage on level 3 of
                  | the Elven Halls)
 47437 | Elf:3    | Found the ring of Robustness {AC+8}
 47437 | Elf:3    | Noticed a deep elf master archer
 47437 | Elf:3    | Noticed a deep elf blademaster
 47439 | Elf:3    | Killed a deep elf blademaster
 47705 | Elf:3    | Killed a deep elf master archer
 48043 | Elf:3    | Got a pair of spiked boots
 48071 | Elf:3    | Identified the Reference Book on Augmentations
 48100 | Elf:3    | Identified the +1 pair of boots of Gorchido {MR+ Dex+4}
                  | (You found it on level 3 of the Elven Halls)
 48453 | Snake:1  | Entered Level 1 of the Snake Pit
 48785 | Snake:1  | Found Ycsot's Gadget Emporium.
 48785 | Snake:1  | Found Rurphist's Jewellery Shop.
 48786 | Snake:1  | Found Gasoumy's Gadget Emporium.
 49089 | Snake:1  | Reached XP level 18. HP: 159/166 MP: 22/22
 50924 | Snake:3  | Noticed Louise
 50942 | Snake:3  | Killed Louise
 50986 | Snake:3  | Found Comi Ufa's Assorted Antiques.
 51160 | Snake:3  | Noticed Vashnia
 51162 | Snake:3  | Found Jipt's Weapon Shop.
 51179 | Snake:3  | Found Noet's Book Boutique.
 51769 | Snake:3  | Killed Vashnia
 51820 | Snake:3  | Found Ysmagat's Magic Scroll Boutique.
 52321 | Snake:3  | Bought a scroll of enchant weapon for 112 gold pieces
 52338 | Snake:3  | Found Tegi's Assorted Antiques.
 52500 | Snake:3  | Bought an emerald potion for 35 gold pieces
 52500 | Snake:3  | Bought a smoky cyan potion for 35 gold pieces
 52760 | Snake:4  | Entered Level 4 of the Snake Pit
 52974 | Snake:4  | Reached skill level 1 in Evocations
 53043 | Snake:4  | Noticed Asterion
 53079 | Snake:4  | Killed Asterion
 53158 | Snake:4  | Reached XP level 19. HP: 103/174 MP: 23/23
 53853 | Snake:4  | Malog: шо
 53856 | Snake:4  | Malog: пошли ёбла бить
 53860 | Snake:4  | namelastname112: ну вон колочу
 53860 | Snake:4  | namelastname112: смотри сколько ебальников
 54387 | Snake:4  | Malog: ща тебя ебанут
 54406 | Snake:4  | Malog: анти-драконовским
 54450 | Snake:4  | Malog: вон смотри с пиками
 54980 | Snake:4  | Reached skill level 5 in Evocations
 55615 | Snake:4  | Got a serpentine rune of Zot
 55970 | Swamp:1  | Entered Level 1 of the Swamp
 57204 | Swamp:2  | Malog: Стабани 27-головую гидру
 57304 | Swamp:2  | Malog: Прямо 27 ебла
 57314 | Swamp:2  | Malog: В одной гидре
 57340 | Swamp:2  | namelastname112: ну если будет
 57558 | Swamp:2  | Reached XP level 20. HP: 171/184 MP: 25/25
 58409 | Swamp:4  | Entered Level 4 of the Swamp
 59320 | Swamp:4  | Got a decaying rune of Zot
 60076 | Vaults:1 | Entered Level 1 of the Vaults
 60433 | Vaults:1 | Found an opulent altar of Gozag.
 61667 | Vaults:2 | Found a runed gate.
 61668 | Vaults:2 | Found a runed gate.
 61668 | Vaults:2 | Found an opulent altar of Gozag.
 61759 | Vaults:2 | Reached XP level 21. HP: 150/193 MP: 28/28
 62079 | Vaults:2 | Found a runed gate.
 62170 | Vaults:2 | Noticed Roced's ghost (adept CeHu)
 62174 | Vaults:2 | Found Jawo's Assorted Antiques.
 62253 | Vaults:2 | Found a staircase to the Crypt.
 62641 | Vaults:2 | Reached skill level 10 in Evocations
 62960 | Vaults:3 | Reached skill level 15 in Dodging
 65204 | Vaults:4 | Found a flickering gateway to a bazaar.
 65215 | Bazaar   | Entered a bazaar
 65219 | Bazaar   | Found Ygih Qoxt's General Store.
 65249 | Bazaar   | Found Tobiuhodd's Assorted Antiques.
 65291 | Bazaar   | Found Kytzuguy's Distillery.
 65296 | Bazaar   | Bought a potion of heal wounds for 40 gold pieces
 65325 | Bazaar   | Found Jubaong's General Store.
 65354 | Bazaar   | Found Plog's Jewellery Emporium.
 65990 | Vaults:4 | Reached XP level 22. HP: 117/202 MP: 30/30
 68212 | Crypt:1  | Entered Level 1 of the Crypt
 68884 | Crypt:2  | Got a pair of warped gloves
 68885 | Crypt:2  | Identified the +2 pair of gloves "Buhoupuq" {rElec rPois}
                  | (You acquired it on level 2 of the Crypt)
 69990 | Crypt:3  | Entered Level 3 of the Crypt
 71179 | Crypt:3  | Reached XP level 23. HP: 162/211 MP: 32/32
 71991 | Crypt:3  | Got a wavering ivory ring
 71992 | Crypt:3  | Identified the ring of Coronation {-Tele rC+ rN+ MR+} (You
                  | took it off a vampire mage on level 3 of the Crypt)
 72038 | Crypt:3  | Got a heavily runed silver ring
 72042 | Crypt:3  | Got a wavering silver ring
 72166 | Crypt:3  | Found a basalt altar of Yredelemnul.
 72167 | Crypt:3  | Noticed a curse toe
 72169 | Crypt:3  | Found an ancient bone altar of Kikubaaqudgha.
 72191 | Crypt:3  | Killed a curse toe
 72206 | Crypt:3  | Got a steaming steel ring
 72215 | Crypt:3  | Identified the ring of Intercession {rN+ Int+6 Dex-5} (You
                  | took it off a skeletal warrior on level 3 of the Crypt)
 72216 | Crypt:3  | Identified the ring "Wechip" {Wiz rPois Slay+2} (You took
                  | it off a vampire on level 3 of the Crypt)
 72217 | Crypt:3  | Identified the ring "Viups" {rN+ Dex+4} (You took it off a
                  | vampire on level 3 of the Crypt)
 72277 | Crypt:3  | Identified the Incunabulum of Necromancy
 72716 | Vaults:5 | Entered Level 5 of the Vaults
 72716 | Vaults:5 | Noticed Xtahua
 72768 | Vaults:5 | Noticed an ancient lich
 72793 | Vaults:5 | Killed an ancient lich
 72822 | Vaults:5 | Killed Xtahua
 73337 | Vaults:5 | Got a silver rune of Zot
 74180 | Vaults:5 | Got a faintly glowing bronze ring
 74246 | Vaults:5 | Identified the ring of Day {Int+6 Stlth-} (You found it on
                  | level 5 of the Vaults)
 75273 | Vaults:2 | Bought a scroll of blinking for 97 gold pieces
 75273 | Vaults:2 | Bought a scroll of blinking for 97 gold pieces
 75273 | Vaults:2 | Bought a scroll of teleportation for 39 gold pieces
 75273 | Vaults:2 | Bought a scroll of teleportation for 39 gold pieces
 75273 | Vaults:2 | Bought a scroll of teleportation for 39 gold pieces
 75621 | Temple   | Entered the Ecumenical Temple
 75677 | Temple   | Fell from the grace of Gozag
 75677 | Temple   | Became a worshipper of Dithmenos the Shadowed
 75687 | Temple   | Learned a level 8 spell: Discord
 75981 | Depths:1 | Entered Level 1 of the Depths
 76115 | D:15     | Reached skill level 1 in Invocations
 76134 | D:15     | Reached skill level 1 in Hexes
 76674 | D:15     | Reached * piety under Dithmenos
 77051 | Depths:1 | Reached XP level 24. HP: 182/221 MP: 33/33
 77243 | Depths:1 | Reached ** piety under Dithmenos
 77598 | Depths:1 | Found Ydihoax's One-of-a-Kind Books.
 77673 | Depths:1 | Found a gateway to Hell.
 77851 | Depths:1 | Reached skill level 5 in Spellcasting
 77934 | Depths:1 | Found a one-way gate to the infinite horrors of the Abyss.
 78467 | Depths:2 | Reached skill level 5 in Invocations
 78848 | Depths:2 | Found a gateway to a ziggurat.
 78924 | Depths:2 | Reached skill level 5 in Hexes
 79420 | Depths:2 | Malog: хуя ты богач бля
 79454 | Depths:2 | Reached *** piety under Dithmenos
 79594 | Depths:2 | Malog: не понял
 79608 | Depths:2 | Malog: чё гозага кинул
 79630 | Depths:2 | namelastname112: заебал меня
 80497 | Depths:2 | namelastname112: нихуя он конечно
 80887 | Depths:3 | Found a one-way gate leading to the halls of Pandemonium.
 81058 | Depths:3 | Reached **** piety under Dithmenos
 81141 | Depths:3 | Noticed an ancient lich
 81143 | Depths:3 | namelastname112: интересно
 81146 | Depths:3 | Killed an ancient lich
 81161 | Depths:3 | Malog: чё
 81332 | Depths:3 | Malog: я проебал
 81335 | Depths:3 | Identified Loock's Incunabulum of Changing
 81340 | Depths:3 | namelastname112: You enter a teleport trap! The teleport
                  | trap disappears. Your surroundings suddenly seem
                  | different. _2 ogre magi and an ancient lich come into view.
                  | An ogre mage comes into view.
 81350 | Depths:3 | Found a deep blue altar of Sif Muna.
 81354 | Depths:3 | Malog: А, весело
 81355 | Depths:3 | Paralysed by a lich for 3 turns
 82339 | Depths:3 | Identified Wisen's Catalogue of Execration and Calling
 82341 | Depths:3 | Identified the Guide on Creation and Darkness
 82365 | Depths:3 | Identified Lom Lobon's Guide on the Compass
 82367 | Depths:3 | Identified the Handbook of the Oath and Air
 82413 | Depths:3 | Identified the Incunabulum of Glacial Moulding
 82431 | Depths:3 | Identified the Tome of Heat and Calling
 82772 | Depths:4 | Reached ***** piety under Dithmenos
 82997 | Depths:4 | Reached skill level 10 in Invocations
 83016 | Depths:4 | Reached XP level 25. HP: 107/228 MP: 36/36
 84271 | Depths:4 | Noticed Margery
 84283 | Depths:5 | Entered Level 5 of the Depths
 84582 | Depths:5 | Noticed Jory
 84588 | Depths:5 | Found a gate to the Realm of Zot.
 84982 | Depths:5 | Reached skill level 10 in Spellcasting
 85136 | Depths:4 | Noticed an ancient lich
 85168 | Depths:5 | Malog: Откуда тут так личей дохуя
 85195 | Depths:5 | Killed an ancient lich
 85236 | Depths:5 | namelastname112: этаж такой
 85236 | Depths:5 | namelastname112: интересный
 85431 | Depths:5 | Reached skill level 10 in Hexes
 85491 | Depths:5 | Killed Margery
 85989 | Depths:4 | Malog: Чё они на братка своего нападают?
 86187 | Depths:4 | namelastname112: не признали
 86187 | Depths:4 | namelastname112: пидоры
 86237 | Depths:4 | Learned a level 3 spell: Dazzling Spray
 86241 | Depths:4 | Learned a level 3 spell: Portal Projectile
 86245 | Depths:4 | Learned a level 3 spell: Spectral Weapon
 86525 | Depths:4 | Got a smoking cloak
 86555 | Depths:4 | Identified the +2 cloak "Wut Fois" {rC+ Int+3} (You found
                  | it on level 4 of the Depths)
 86649 | Depths:4 | Was forgiven by Gozag
 87282 | Depths:4 | Learned a level 6 spell: Invisibility
 87285 | Depths:4 | Learned a level 2 spell: Blink
 87289 | Depths:4 | Learned a level 3 spell: Regeneration
 87290 | Depths:5 | Noticed Boris
 87304 | Depths:5 | Malog: БОРИИИИИИИИС
 87304 | Depths:5 | Malog: БОРЯ
 87304 | Depths:5 | namelastname112: че у него с еблом?
 87304 | Depths:5 | namelastname112: всегда так было?
 87314 | Depths:4 | Malog: Первый раз такой тайл вижу
 87328 | Depths:4 | Malog: Раньше другой был
 87351 | Depths:4 | Killed Boris
 87351 | Depths:4 | Reached skill level 1 in Charms
 87656 | Depths:4 | Malog: Ты ебнул свой спектрал веапон или мне показалось?
 87893 | Depths:4 | namelastname112: дракон ебнул
 88188 | Depths:4 | Malog: хуя они кружат
 88462 | Depths:5 | Malog: да пизди зот, чё ты с ними морочаешься
 88497 | Depths:5 | Reached ****** piety under Dithmenos
 88534 | Depths:5 | Reached XP level 26. HP: 208/236 MP: 36/39
 88535 | Depths:5 | namelastname112: 15 хочу
 88798 | Depths:5 | Malog: пиздец этого говна
 88817 | Depths:5 | Malog: это от него чтоль?
 88818 | Depths:5 | Malog: ??Jora
 88818 | Depths:5 | beem: Jora ~ jory[1/2]: Unique vampire with crystal spear.
                  | And mesmerise. And crystal spear. No longer restricted to
                  | vaults! (And his tower isn't silent any more.)
 88829 | Depths:5 | Killed Jory
 88846 | Depths:5 | Reached skill level 5 in Charms
 88854 | Depths:5 | Malog: Бля, проорал в голосину
 88920 | Depths:5 | Malog: ??Jora[2
 88925 | Depths:5 | beem: Jora ~ jory[2/2]: got his first kill 27 months after
                  | being added
 88957 | Depths:5 | namelastname112: гозаг отъебался наконец
 88976 | Depths:5 | Malog: А чё делал?
 88997 | Depths:5 | Malog: А, берсерк
 89004 | Depths:5 | Malog: Вспомнил
 89018 | Depths:5 | Malog: Думал какого хуя ещё слаймы в берсерке
 89229 | Depths:5 | Malog: Они не видят инвиз?
 89236 | Depths:5 | Malog: Ебать тупые
 89236 | Depths:5 | namelastname112: лол
 89236 | Depths:5 | namelastname112: а ты думал
 89396 | Depths:5 | Malog: Ну хуй знает может как псы чуют
 89396 | Depths:5 | namelastname112: ну не
 89396 | Depths:5 | namelastname112: они ж не псы
 89398 | Depths:5 | namelastname112: сука с баклерами чет вообще голяк
 89399 | Depths:5 | Malog: гляди сколько
 89399 | Depths:5 | Malog: 16
 89399 | Depths:5 | Malog: выбирай
 89424 | Zot:1    | Entered Level 1 of the Realm of Zot
 89424 | Zot:1    | Noticed an orb of fire
 89426 | Zot:1    | Killed an orb of fire
 89452 | Zot:1    | Malog: даже маги не видят
 89454 | Zot:1    | Malog: пизда
 89681 | Depths:5 | Malog: этот палец пиздец выбешивает
 89693 | Zot:1    | namelastname112: хуево без сеток
 90016 | Zot:1    | Malog: А чё решил зот сразу чистануть?
 90054 | Depths:5 | Malog: >стоит без резиста к огню в огне
 90076 | Depths:4 | namelastname112: экспа
 90076 | Depths:4 | namelastname112: ну у меня есть резист
 90076 | Depths:4 | namelastname112: один
 90515 | Depths:5 | Malog: Чё-то хуй знает чего не хватает
 90554 | Zot:1    | Malog: Вроде всё есть относительно
 90555 | Zot:1    | Malog: И статы хорошие
 90598 | Zot:1    | Malog: Ну драконианы изи на шашлык
 90598 | Zot:1    | namelastname112: ща диско выучу
 90598 | Zot:1    | Malog: Это да
 90719 | Zot:1    | Found a sacrificial altar of Ru.
 90758 | Zot:1    | Malog: Ебать этой моли
 91080 | Zot:1    | You fall through a shaft!
 92011 | Zot:2    | Reached skill level 15 in Hexes
 92371 | Zot:1    | namelastname112: ща я приду
 92371 | Zot:1    | namelastname112: подпирает чет
 92371 | Zot:1    | namelastname112: к сраке
 92371 | Zot:1    | Malog: удачи
 92426 | Zot:3    | Reached XP level 27. HP: 225/244 MP: 37/41
 93091 | Zot:3    | Reached skill level 15 in Spellcasting
 93340 | Zot:3    | Malog: conjure ball lighting
 93419 | Zot:3    | Malog: охуенный спел базарю
 93474 | Zot:3    | namelastname112: лол
 93474 | Zot:3    | namelastname112: не для этого посона
 93474 | Zot:3    | Identified Biuclifaeg's Incunabulum of Ashen Black Arts
 94738 | Zot:2    | Malog: какой зиг ты чё
 94752 | Zot:2    | namelastname112: точно
 94752 | Zot:2    | namelastname112: у меня же слаймы нечищеныв
 95635 | Slime:1  | Entered Level 1 of the Pits of Slime
 95636 | Slime:1  | Malog: не лезь бля
 95646 | Slime:1  | Malog: оно тебя сожрёт
 95964 | Slime:4  | Malog: зачем тебе хлеб, смотри какие аппетитные няши-слаймы
 95964 | Slime:4  | Malog: разноцветные
 96027 | Slime:4  | Gained mutation: Scrolls take you a little longer to read.
                  | [a shining eye]
 96038 | Slime:4  | Malog: хули с ними?
 96268 | Slime:4  | namelastname112: разозлились чеи
 96268 | Slime:4  | namelastname112: чет?
 96268 | Slime:4  | namelastname112: чет*
 96268 | Slime:4  | namelastname112: блять
 96269 | Slime:4  | Lost mutation: Scrolls take you a little longer to read.
                  | [potion of mutation]
 96269 | Slime:4  | Lost mutation: You are dopey. (Int -2) [potion of mutation]
 96269 | Slime:4  | Gained mutation: Scrolls take you a little longer to read.
                  | [potion of mutation]
 96269 | Slime:4  | Gained mutation: Potions are less effective at restoring
                  | your health. [potion of mutation]
 96269 | Slime:4  | Gained mutation: Your tail ends in a poisonous barb.
                  | [potion of mutation]
 96269 | Slime:4  | Gained mutation: Your mind is acute. (Int +2) [potion of
                  | mutation]
 96270 | Slime:4  | Lost mutation: Your mind is acute. (Int +2) [potion of
                  | mutation]
 96270 | Slime:4  | Lost mutation: Scrolls take you a little longer to read.
                  | [potion of mutation]
 96270 | Slime:4  | Lost mutation: Your tail ends in a poisonous barb. [potion
                  | of mutation]
 96270 | Slime:4  | Lost mutation: Potions are less effective at restoring your
                  | health. [potion of mutation]
 96270 | Slime:4  | Gained mutation: Your flesh is cold resistant. (rC+)
                  | [potion of mutation]
 96270 | Slime:4  | Gained mutation: Your mind is acute. (Int +2) [potion of
                  | mutation]
 96270 | Slime:4  | Gained mutation: You can translocate small distances at
                  | will. [potion of mutation]
 96270 | Slime:4  | Gained mutation: Your tail ends in a poisonous barb.
                  | [potion of mutation]
 96277 | Slime:5  | Entered Level 5 of the Pits of Slime
 96283 | Slime:5  | Malog: заебись промутировал
 96317 | Slime:5  | Malog: спит чтоли блять
 96319 | Slime:5  | Found a viscous altar of Jiyva.
 96320 | Slime:5  | Noticed the Royal Jelly
 96325 | Slime:5  | Found the +8 frozen axe "Frostbite" {freezing cloud, *Noise
                  | +Fly rC+}
 96333 | Slime:5  | Malog: ой блять проснулась
 96358 | Slime:5  | Killed the Royal Jelly
 96360 | Slime:5  | Malog: ААААААААААА НАХУЙ
 96381 | Slime:4  | Malog: А хули из неё повыпадало?
 96400 | Slime:4  | Malog: У меня нихуя не выпадало
 96400 | Slime:4  | namelastname112: лол
 96400 | Slime:4  | namelastname112: хули
 96400 | Slime:4  | namelastname112: слаймы повыпадали
 96400 | Slime:4  | namelastname112: как обычно
 96579 | Slime:5  | Malog: Штормом ебашил, не было
 96963 | Slime:5  | Malog: нихуя себе на +8 ас кольцо
 96987 | Slime:5  | Got a sparkling bone amulet
 97011 | Slime:5  | Malog: оставь лут
 97016 | Slime:5  | Malog: всё равно говно
 97024 | Slime:5  | Malog: слаймы поедят хоть
 97025 | Slime:5  | Got a slimy rune of Zot
 97056 | Slime:5  | namelastname112: фростбайт
 97056 | Slime:5  | namelastname112: ммм
 97163 | Lair:5   | Identified the amulet "Echajok" {Harm *Drain rElec Dex+3}
                  | (You found it on level 5 of the Pits of Slime)
 97168 | Lair:5   | Malog: ебанутый бренд добавили
 97168 | Lair:5   | Malog: этот харм
 97168 | Lair:5   | Malog: нахуй он нужен в игре
 97168 | Lair:5   | namelastname112: ну он неплохой
 97168 | Lair:5   | namelastname112: если ты маг особенно
 97170 | Depths:3 | Malog: Лучше регена маны нет ничего
 97221 | Lair:2   | Malog: Хотя, если с вехуметом
 97448 | Depths:2 | Malog: Койот попутал
 97515 | Zig:1    | Entered Level 1 of a ziggurat
 97537 | Zig:2    | Entered Level 2 of a ziggurat
 97561 | Zig:2    | Malog: Да чё ты так рано в зиг, покачался бы в панах
 97563 | Zig:2    | Malog: И потом поглубже зарылся
 97568 | Zig:3    | Entered Level 3 of a ziggurat
 97576 | Zig:3    | Malog: Сожрут же
 97591 | Zig:4    | Entered Level 4 of a ziggurat
 97806 | Zig:4    | Malog: Мне на д2 сегодня
 97810 | Zig:4    | Malog: Пошен экспиренс выпал
 97810 | Zig:4    | Malog: 0.02 процента нахуй
 97810 | Zig:4    | namelastname112: не сожрут
 97813 | Zig:5    | Entered Level 5 of a ziggurat
 97818 | Zig:5    | Noticed Gotithixis the pandemonium lord
 97823 | Zig:5    | Malog: чёт им похую
 97836 | Zig:5    | namelastname112: пидор гнилой
 97836 | Zig:5    | namelastname112: всю ману высосал
 97836 | Zig:5    | Malog: берсерк и ебаш
 97845 | Zig:5    | Malog: ЛОЛ НАХУЙ
 97866 | Zig:5    | Malog: Мне кажется мы хуйню сделали
 97881 | Zig:5    | Killed Gotithixis the pandemonium lord
 97894 | Zig:5    | Malog: бля
 97894 | Zig:5    | Malog: пиздец
 97938 | Zig:5    | Got a brightly glowing glass ring
 97940 | Zig:5    | Got a vibrating amber ring
 97943 | Zig:5    | Malog: тикай з деревни хлопец
 98349 | Zig:5    | Identified the ring of Sailo {Fire rPois} (You found it on
                  | level 5 of a ziggurat)
 98351 | Zig:5    | Identified the ring of Hecho {rF+ rN+ Dex-2 SInv} (You
                  | found it on level 5 of a ziggurat)
 98354 | Zig:5    | namelastname112: нормас теперь
 98356 | Zig:6    | Entered Level 6 of a ziggurat
 98521 | Zig:7    | Entered Level 7 of a ziggurat
 98542 | Zig:7    | Malog: лол
 98549 | Zig:7    | Malog: переубивали друг друга
 98596 | Zig:7    | Identified the Handbook of Boosts and Fascination
 98815 | Zig:8    | Entered Level 8 of a ziggurat
 98927 | Zig:8    | Got a pitted ivory ring
 98931 | Zig:8    | Identified the ring "Hual" {+Fly rC+ Str+3 Dex+4} (You
                  | found it on level 8 of a ziggurat)
 99086 | Zig:9    | Entered Level 9 of a ziggurat
 99263 | Zig:9    | Learned a level 6 spell: Darkness
 99270 | Zig:9    | Learned a level 6 spell: Deflect Missiles
 99273 | Zig:10   | Entered Level 10 of a ziggurat
 99311 | Zig:10   | Got a heavily runed platinum ring
 99312 | Zig:10   | Identified the ring "Ewnuewn" {rCorr *Contam +Inv rPois
                  | Dex+5} (You found it on level 10 of a ziggurat)
 99323 | Zig:10   | Identified the Disquisition on Weightlessness and
                  | Enchantment
 99423 | Pan      | Entered Pandemonium
 99733 | Pan      | Entered the realm of Mnoleg.
 99734 | Pan      | Gained mutation: Your spells are a little easier to cast,
                  | but a little less powerful. [a neqoxec]
 99739 | Pan      | Gained mutation: Your body sometimes deteriorates upon
                  | taking damage. [a neqoxec]
 99745 | Pan      | Gained mutation: You are frail. (-10% HP) [a neqoxec]
 99748 | Pan      | Gained mutation: You tend to lose your temper in combat. [a
                  | neqoxec]
 99762 | Pan      | Reached skill level 5 in Shields
 99803 | Pan      | Gained mutation: Scrolls take you a little longer to read.
                  | [a cacodemon]
 99823 | Pan      | Gained mutation: Your tail ends in a sharp poisonous barb.
                  | [a cacodemon]
 99826 | Pan      | Gained mutation: You are weak. (Str -2) [a cacodemon]
 99890 | Pan      | Gained mutation: Scrolls take you longer to read. [a
                  | neqoxec]
 99893 | Pan      | Gained mutation: Your spells are easier to cast, but less
                  | powerful. [a neqoxec]
 99906 | Pan      | Lost mutation: Scrolls take you longer to read. [a
                  | cacodemon]
 99921 | Pan      | Gained mutation: You are clumsy. (Dex -2) [a neqoxec]
 99930 | Pan      | Paralysed by a floating eye for 2 turns
 99955 | Pan      | namelastname112: конченый сука этаж
 99955 | Pan      | Malog: на отхил бы что-нибудь
 99955 | Pan      | namelastname112: где мой рмут
 99969 | Pan      | Gained mutation: You occasionally shout uncontrollably at
                  | your foes. [a shining eye]
 99971 | Pan      | Lost mutation: Your mind is acute. (Int +2) [a shining eye]
 99976 | Pan      | Malog: нету в игре)))))
 99999 | Pan      | Gained mutation: Scrolls take you longer to read. [a
                  | cacodemon]
100203 | Pan      | Gained mutation: You often lose your temper in combat. [a
                  | neqoxec]
100213 | Pan      | Noticed Mnoleg
100242 | Pan      | Killed Mnoleg
100247 | Pan      | Gained mutation: Your magical capacity is low. (-10% MP) [a
                  | shining eye]
100251 | Pan      | Gained mutation: Scrolls take you much longer to read. [a
                  | shining eye]
100253 | Pan      | Gained mutation: Your magical capacity is very low. (-20%
                  | MP) [a shining eye]
100261 | Pan      | Gained mutation: You are very weak. (Str -4) [a shining
                  | eye]
100266 | Pan      | Gained mutation: You do not regenerate when monsters are
                  | visible. [a shining eye]
100270 | Pan      | Paralysed by a floating eye for 3 turns
100270 | Pan      | Gained mutation: You are very frail. (-20% HP) [a
                  | cacodemon]
100392 | Pan      | Got a scintillating bone ring
100396 | Pan      | Identified the ring "Tuevewoc" {Dex+7 Slay+2} (You found it
                  | in Pandemonium)
100421 | Pan      | Got a glowing rune of Zot
100450 | Pan      | Gained mutation: Your body often deteriorates upon taking
                  | damage. [a neqoxec]
100593 | Pan      | Malog: чё ты спиздил руну? Я проебал
100685 | Pan      | Malog: походу приехали
100696 | Pan      | Malog: а чё так сложно
100984 | Pan      | Lost mutation: Your magical capacity is very low. (-20% MP)
                  | [potion of mutation]
100984 | Pan      | Lost mutation: You are clumsy. (Dex -2) [potion of
                  | mutation]
100984 | Pan      | Lost mutation: You are very weak. (Str -4) [potion of
                  | mutation]
100984 | Pan      | Gained mutation: You are resistant to electric shocks.
                  | (rElec) [potion of mutation]
100985 | Pan      | Lost mutation: Your body often deteriorates upon taking
                  | damage. [potion of mutation]
100985 | Pan      | Lost mutation: Your body sometimes deteriorates upon taking
                  | damage. [potion of mutation]
100985 | Pan      | Lost mutation: You are resistant to electric shocks.
                  | (rElec) [potion of mutation]
100985 | Pan      | Lost mutation: Scrolls take you much longer to read.
                  | [potion of mutation]
100985 | Pan      | Gained mutation: You have sharp toenails. [potion of
                  | mutation]
100986 | Pan      | Lost mutation: You have sharp toenails. [potion of
                  | mutation]
100986 | Pan      | Lost mutation: You are very frail. (-20% HP) [potion of
                  | mutation]
100986 | Pan      | Lost mutation: You occasionally shout uncontrollably at
                  | your foes. [potion of mutation]
100986 | Pan      | Gained mutation: Your flesh is heat resistant. (rF+)
                  | [potion of mutation]
100987 | Pan      | Lost mutation: Scrolls take you longer to read. [potion of
                  | mutation]
100987 | Pan      | Lost mutation: Your magical capacity is low. (-10% MP)
                  | [potion of mutation]
100987 | Pan      | Lost mutation: Your tail ends in a sharp poisonous barb.
                  | [potion of mutation]
100987 | Pan      | Lost mutation: You do not regenerate when monsters are
                  | visible. [potion of mutation]
100987 | Pan      | Gained mutation: Your mind is acute. (Int +2) [potion of
                  | mutation]
100988 | Pan      | Lost mutation: Your tail ends in a poisonous barb. [potion
                  | of mutation]
100988 | Pan      | Lost mutation: Your flesh is cold resistant. (rC+) [potion
                  | of mutation]
100988 | Pan      | Lost mutation: You are frail. (-10% HP) [potion of
                  | mutation]
100988 | Pan      | Lost mutation: Your spells are easier to cast, but less
                  | powerful. [potion of mutation]
100988 | Pan      | Gained mutation: Your flesh is very heat resistant. (rF++)
                  | [potion of mutation]
100989 | Pan      | Lost mutation: Scrolls take you a little longer to read.
                  | [potion of mutation]
100989 | Pan      | Lost mutation: You are weak. (Str -2) [potion of mutation]
100989 | Pan      | Lost mutation: Your mind is acute. (Int +2) [potion of
                  | mutation]
100989 | Pan      | Lost mutation: You can translocate small distances at will.
                  | [potion of mutation]
100989 | Pan      | Gained mutation: Your mind is acute. (Int +2) [potion of
                  | mutation]
100989 | Pan      | Gained mutation: You expend magic power (3 MP) to
                  | strengthen your wands. [potion of mutation]
100989 | Pan      | Lost mutation: Your spells are a little easier to cast, but
                  | a little less powerful. [potion of mutation]
100990 | Pan      | Lost mutation: You often lose your temper in combat.
                  | [potion of mutation]
100990 | Pan      | Lost mutation: You tend to lose your temper in combat.
                  | [potion of mutation]
100990 | Pan      | Lost mutation: You expend magic power (3 MP) to strengthen
                  | your wands. [potion of mutation]
100990 | Pan      | Gained mutation: Your muscles are strong. (Str +2) [potion
                  | of mutation]
100990 | Pan      | Gained mutation: Your flesh is almost immune to the effects
                  | of heat. (rF+++) [potion of mutation]
100990 | Pan      | Gained mutation: You evolve. [potion of mutation]
101213 | Pan      | Malog: ниче щас качнёмся
101215 | Pan      | Entered the realm of Lom Lobon.
101445 | Pan      | Noticed Lom Lobon
101469 | Pan      | Malog: хуй он клал на твои иглы
101491 | Pan      | Killed Lom Lobon
101491 | Pan      | Reached skill level 5 in Air Magic
101500 | Pan      | Malog: пиздец
101511 | Pan      | Malog: распотрошил
101539 | Pan      | Got a magical rune of Zot
101755 | Pan      | Noticed Rifry the pandemonium lord
101768 | Pan      | Killed Rifry the pandemonium lord
101770 | Pan      | Got a demonic rune of Zot
101774 | Pan      | Reached skill level 15 in Throwing
101781 | Pan      | Malog: че
101810 | Pan      | Malog: откуда там руна
101813 | Pan      | namelastname112: хуй знает
101813 | Pan      | namelastname112: лежала чет
101816 | Pan      | Malog: хули ты не спишь ваще
101860 | Pan      | namelastname112: ну как
101860 | Pan      | namelastname112: паны вот ебашу
101896 | Pan      | Malog: ща братки те пояснят
101896 | Pan      | Malog: за смайт
101898 | Pan      | Found a white marble altar of Elyvilon.
102008 | Pan      | Learned a level 3 spell: Confuse
103811 | Pan      | Noticed a seraph
104178 | Pan      | Reached skill level 10 in Charms
104407 | Pan      | Malog: светят тут блять
104858 | Pan      | Killed a seraph
105048 | Pan      | Found a glowing golden altar of the Shining One.
105094 | Pan      | Got a faintly glowing ivory ring
105097 | Pan      | Identified the ring "Luaxable" {*Corrode +Fly rF+ rC+
                  | Str+8} (You took it off a cherub in Pandemonium)
105140 | Pan      | namelastname112: лол сука
105140 | Pan      | namelastname112: вот это обмутировался
105870 | Pan      | Found a glowing silver altar of Zin.
106098 | Pan      | Got a fine iron ring
106099 | Pan      | Identified the ring "Plog" {rF+ rN+ Int+3} (You took it off
                  | an angel in Pandemonium)
106419 | Pan      | Gained mutation: Your flesh is cold resistant. (rC+)
                  | [evolution]
106419 | Pan      | Lost mutation: You evolve. [end of evolution]
106476 | Pan      | Entered the realm of Gloorx Vloq.
107937 | Pan      | Noticed Gloorx Vloq
107944 | Pan      | epen: пошли нахуй
107945 | Pan      | epen: мой пан блять
107946 | Pan      | Killed Gloorx Vloq
107953 | Pan      | Got a dark rune of Zot
108081 | Pan      | Entered the realm of Cerebov.
108598 | Pan      | Noticed Cerebov
108618 | Pan      | Killed Cerebov
108844 | Pan      | Got a fiery rune of Zot
108867 | Pan      | Identified the Handbook of Activism
108936 | Pan      | Found an exit through the horrors of the Abyss.
108949 | Pan      | Took an exit into the Abyss.
108949 | Abyss:1  | Escaped into the Abyss
108961 | Abyss:1  | Gained mutation: Scrolls take you a little longer to read.
                  | [a cacodemon]
109096 | Abyss:1  | Reached skill level 10 in Shields
109558 | Abyss:1  | Found a sparkling altar of Nemelex Xobeh.
110124 | Abyss:3  | Found a corrupted altar of Lugonu.
110226 | Abyss:4  | Found a corrupted altar of Lugonu.
110234 | Abyss:4  | Malog: чёт оранул
110238 | Abyss:4  | Found a corrupted altar of Lugonu.
110273 | Abyss:4  | Malog: лес жги
110292 | Abyss:4  | Got an abyssal rune of Zot
110441 | Abyss:4  | Malog: !log .
110446 | Abyss:4  | beem: 558. Malog, XL4 DsCj, T:1726:
                  | https://crawl.xtahua.com/crawl/morgue/Malog/morgue-Malog-20
                  | 181005-002023.txt
110504 | Abyss:4  | Malog: da ne eto ebani bot
110552 | Abyss:5  | Entered Level 5 of the Abyss
110552 | Abyss:5  | Found a basalt altar of Yredelemnul.
110631 | Depths:3 | Escaped the Abyss
110633 | Depths:3 | namelastname112: ух
110633 | Depths:3 | namelastname112: все пока
110633 | Depths:3 | Malog: заебца
110633 | Depths:3 | Malog: норм ебла побили
110633 | Depths:3 | epen: !lg . killer=lom_lobon
110633 | Depths:3 | beem: 2. epen the Sensei (L27 DrTm of Cheibriados), blasted
                  | by Lom Lobon (great icy blast) in Pandemonium (lom_lobon)
                  | on 2016-05-07 18:51:37, with 845165 points after 62353
                  | turns and 4:45:14.
110633 | Depths:3 | namelastname112: !lg . killer=lom_lobon
110633 | Depths:3 | beem: No games for namelastname112 (killer=lom_lobon).
110633 | Depths:3 | epen: !lg . killer=orb_guardian
110633 | Depths:3 | beem: 1. epen the Cloud Mage (L27 OpMo of Cheibriados),
                  | annihilated by an Orb Guardian (kmap: hall_of_Zot) on Zot:5
                  | on 2016-04-23 13:20:38, with 697706 points after 66652
                  | turns and 5:38:34.
110633 | Depths:3 | namelastname112: !lg . killer=orb_guardian
110633 | Depths:3 | beem: No games for namelastname112 (killer=orb_guardian).
110633 | Depths:3 | Malog: !lg . killer=sheep
110633 | Depths:3 | beem: No games for Malog (killer=sheep).
110633 | Depths:3 | epen: !lg . killer=namelastname112_ghost
110633 | Depths:3 | beem: No games for epen (killer=namelastname112_ghost).
110633 | Depths:3 | Malog: !lg . killer=boulde_beetle
110633 | Depths:3 | beem: No games for Malog (killer=boulde_beetle).
110633 | Depths:3 | Malog: !lg . killer=boulder_beetle
110633 | Depths:3 | beem: No games for Malog (killer=boulder_beetle).
110633 | Depths:3 | Malog: !lg . killer=bee
110633 | Depths:3 | beem: No games for Malog (killer=bee).
110633 | Depths:3 | epen: !lg . killer=namelastname112_s
110633 | Depths:3 | beem: No games for epen (killer=namelastname112_s).
110633 | Depths:3 | namelastname112: !lg . killer=epen's_ghost
110633 | Depths:3 | beem: 1. namelastname112 the Sneak (L9 DrAs of Dithmenos),
                  | mangled by epen's ghost on D:8 on 2016-08-12 11:09:50, with
                  | 3614 points after 5755 turns and 0:33:14.
110633 | Depths:3 | Malog: Лел
110633 | Depths:3 | epen: !lg . killer=namelastname112's_ghost
110633 | Depths:3 | beem: 1. epen the Insei (L6 NaTm of Ru), slain by
                  | namelastname112's ghost on D:3 on 2016-04-11 20:57:33, with
                  | 380 points after 4111 turns and 0:11:36.
110633 | Depths:3 | epen: !lg . killer=adder
110633 | Depths:3 | beem: 66. epen the Skirmisher (L3 FoMo), succumbed to an
                  | adder's poison on D:2 on 2018-09-22 05:30:19, with 37
                  | points after 1367 turns and 0:01:44.
110633 | Depths:3 | epen: !lg . killer=gnoll
110633 | Depths:3 | beem: 97. epen the Skirmisher (L1 FoMo), slain by a gnoll
                  | (a +0 flail) on D:1 on 2018-09-25 17:17:21, with 2 points
                  | after 77 turns and 0:00:17.
110633 | Depths:3 | epen: !lg . killer=orc_priest
110633 | Depths:3 | beem: 67. epen the Slasher (L5 BaMo), slain by an orc
                  | priest (a +0 war axe) on D:3 on 2018-09-30 11:26:34, with
                  | 169 points after 2958 turns and 0:04:12.
110633 | Depths:3 | epen: !lg . killer=hydra
110633 | Depths:3 | beem: No games for epen (killer=hydra).
110633 | Depths:3 | namelastname112: !lg epen killer=~hydra
110633 | Depths:3 | beem: 17. epen the Slicer (L12 OpAK of Lugonu), slain by a
                  | five-headed hydra on Lair:2 on 2018-09-30 11:20:38, with
                  | 15639 points after 15800 turns and 0:26:16.
110633 | Depths:3 | epen: !lg . killer=natasha
110633 | Depths:3 | beem: 25. epen the Poker (L3 NaMo), slain by Natasha on D:2
                  | on 2018-09-22 00:30:24, with 25 points after 929 turns and
                  | 0:01:30.
110634 | Depths:3 | epen: !lg . killer=garold
110634 | Depths:3 | beem: No games for epen (killer=garold).
110634 | Depths:3 | epen: !lg . killer=harold
110634 | Depths:3 | beem: No games for epen (killer=harold).
110634 | Depths:3 | epen: !lg . killer=rat
110634 | Depths:3 | beem: 8. epen the Scratcher (L2 FeTm), slain by a rat on
                  | D:1 on 2018-09-16 21:17:06, with 18 points after 453 turns
                  | and 0:01:14.
110634 | Depths:3 | epen: !lg . killer=xtahua
110634 | Depths:3 | beem: No games for epen (killer=xtahua).
110634 | Depths:3 | namelastname112: !lg epen s=killer
110634 | Depths:3 | beem: 1375 games for epen: 97x a gnoll, 73x a hobgoblin,
                  | 67x an orc priest, 66x an adder, 54x an orc wizard, 47x a
                  | kobold, 46x an ogre, 41x a jackal, 40x, 40x a goblin, 33x
                  | an orc warrior, 32x a worm, 26x Grinder, 26x a giant gecko,
                  | 25x Natasha, 25x Sigmund, 22x an orc, 22x a centaur, 17x a
                  | worker ant, 17x a dart slug, 16x Crazy Yiuf, 13x an ice
                  | beast, 12x Menkaure, 11x Pikel, 10x Terence, 9x a bat,
                  | 9x...
110634 | Depths:3 | namelastname112: !lg . s=killer
110634 | Depths:3 | beem: 5038 games for namelastname112: 680x, 263x a gnoll,
                  | 232x an adder, 216x an orc priest, 207x a hobgoblin, 151x
                  | an ogre, 144x a kobold, 141x an orc wizard, 135x a jackal,
                  | 123x an orc, 113x an orc warrior, 101x a goblin, 93x a
                  | worm, 92x Sigmund, 71x a centaur, 65x a giant gecko, 59x
                  | Grinder, 56x Natasha, 48x a worker ant, 47x Crazy Yiuf, 47x
                  | a killer bee, 45x namelastname112's ghost, 37x Terence,
                  | 31...
110634 | Depths:3 | epen: !lg Goblin1989 killer=lom_lobon
110634 | Depths:3 | beem: No games for Goblin1989 (killer=lom_lobon).
110634 | Depths:3 | Upgraded the game from 0.23-a0-295-g2e428d4 to
                  | 0.23-a0-296-ga3b1b28
110687 | Hell     | Entered the Vestibule of Hell
110687 | Hell     | Noticed Geryon
110690 | Hell     | Killed Geryon
110995 | Hell     | Found a gateway to the decaying netherworld of Tartarus.
111219 | Hell     | Found a gateway to the Iron City of Dis.
111370 | Hell     | Found a gateway to the ashen valley of Gehenna.
111428 | Hell     | Found a gateway to the freezing wastes of Cocytus.
111773 | Tar:1    | Entered Level 1 of Tartarus
112524 | Hell     | HP: 10/250 [soul eater[a doom hound] (6)]
113041 | Tar:1    | Reached skill level 15 in Invocations
113686 | Tar:5    | Learned a level 8 spell: Controlled Blink
113727 | Tar:7    | Entered Level 7 of Tartarus
113745 | Tar:7    | Reached skill level 1 in Translocations
113868 | Tar:7    | Reached skill level 5 in Translocations
114083 | Tar:7    | Noticed Ereshkigal
114107 | Tar:7    | Killed Ereshkigal
114170 | Tar:7    | Got a flickering iron ring
114434 | Tar:7    | Killed by the effects of Hell

Vault maps used:
D:1:      kb_arrival_jail
D:2:      yredelemnul_altar_generic
D:3:      overflow_temple_1_default, marbit_many_paths, first_ration
D:4:      nicolae_overflow_hidden_temple, minmay_temple_entry_butterflies,
          serial_shops, shop, serial_bayou_pond_c, minmay_ogre_servants
D:6:      uniq_blork_the_orc
D:7:      kennysheep_mini, lemuel_oklob_altar
D:8:      kennysheep_little_box, erik_lair_island, serial_ice, serial_ice_h,
          serial_ice_a, serial_ice_f, serial_ice_b, serial_ice_e, serial_ice_g,
          serial_ice_k
D:10:     enter_bailey_3
D:11:     uniq_erica, uniq_nergalle, uniq_maurice, uniq_fannar
D:12:     david_orc_5, portal_ice_cave_demonic_guard, grunt_ministairs_7
D:13:     david_vaults_4, hangedman_fish_farm, uniq_urug, uniq_azrael
D:14:     serial_undead, serial_undead_c, serial_undead_c, serial_undead_c,
          serial_undead_f, serial_undead_d, serial_undead_b, serial_shops,
          nicolae_shop_behind_doors, nicolae_wwwww
D:15:     grunt_enter_depths_hoard, nemelex_xobeh_ov_fountains_minmay,
          moated_statue
Temple:   zaba_magenta_temple
Lair:1:   infiniplex_staircase_pool, uniq_gastronok, uniq_grum
Lair:2:   lab_entry_generic, minivault_26
Lair:3:   nicolae_swamp_entry_splash_gauntlet, guppyfry_snake_entry_garden
Lair:4:   bobbens_dragon_lair_wall, minmay_lair_oklob_chamber,
          grunt_megastairs_3
Lair:5:   dpeg_slime_entry_enclosed_altar, grunt_megastairs_1, uniq_snorg
Lair:6:   hangedman_lair_in_review, guppyfry_lair_end_dragon
Swamp:1:  cheibrodos_swamp_monstrosity, hangedman_swamp_pad
Swamp:2:  serial_swamp_ruin, hangedman_swamp_ruin_hall,
          evilmike_swamp_ruin_house_4, evilmike_swamp_ruin_house_3, swamp_pool4,
          grunt_lady_of_the_lake
Swamp:3:  evilmike_swamp_ruin_house_6
Swamp:4:  swamp_alternative
Snake:1:  minmay_shop_grove
Snake:3:  serial_shops, nicolae_shop_competitors_out_of_business,
          nicolae_shop_overgrown_old_shop, shop, shop_statue, shop,
          grunt_ministairs_2, hangedman_snake_corridor_split, uniq_vashnia,
          uniq_louise
Snake:4:  johnstein_snake_rune_scales, serial_bayou_ford_a, grunt_megastairs_2,
          uniq_asterion
Slime:1:  cheibrodos_slime_lost_civilization_3
Slime:2:  cheibrodos_slime_lost_civilization_10
Orc:1:    ebering_ghost_gozag, basic_altar
Orc:2:    grunt_orc_community_town_hall, grunt_orc_community_big_house_1,
          grunt_orc_community_big_house_2, grunt_orc_community_house_3,
          grunt_orc_community_house_2, grunt_orc_community_house_1,
          grunt_orc_community_house_2, serial_shops, shop, shop_statue, shop,
          shop, nicolae_shop_waterfront, nicolae_orc_flooded_monolith
Elf:1:    serial_shops, shop, minmay_elf_demonology, hex_medium,
          grunt_ministairs_9, nicolae_elf_glass_and_crystal_pillar_1,
          uniq_roxanne
Elf:2:    basic_altar, serial_shops, bzr_firewalk, minmay_misc_feat_columns
Elf:3:    elf_hall_gauntlet_wide
Vaults:1: hangedman_vaults_capsules, grunt_vaults_twisty,
          nicolae_vaults_what_the_h, nicolae_vaults_triangles, v_alt_pattern_5,
          ontoclasm_vaults_twist, v_alt_pattern_2, v_alt_pattern_4,
          nicolae_vaults_asterisk, ontoclasm_vaults_misaligned, basic_altar
Vaults:2: ebering_vaults_ghost_gozag, v_misc_1, ontoclasm_vaults_chip,
          nicolae_vaults_little_squares_5, ontoclasm_vaults_spin,
          hangedman_vaults_snaps, nicolae_vaults_little_squares_4,
          minmay_crypt_entry_simple_corners, ontoclasm_vaults_eye,
          vaults_mumra_minichess_inversion, dpeg_vaults_waves,
          nicolae_vaults_shelves_hall
Vaults:3: ontoclasm_vaults_shuriken, nicolae_vaults_specimen_jars, v_misc_32,
          ontoclasm_vaults_shout, v_misc_17, nicolae_vaults_little_squares_1,
          nicolae_vaults_twisting_passages
Vaults:4: vaults_room_guarded_vault, ontoclasm_vaults_bender,
          vaults_standard_mumra_x, grunt_vaults_trifunnel, vaults_room_hallway,
          vaults_mumra_minichess, vaults_room_door_hall,
          nicolae_vaults_diagonal_hallway_9, v_misc_9, v_misc_16,
          grunt_vaults_funnel, serial_shops, bzr_entry_islet
Vaults:5: serial_shops, uniq_xtahua
Crypt:1:  grunt_crypt_arrival_webbed
Crypt:3:  lightli_unholy_cathedral, tomb_entry_pyramid_bobbens
Depths:1: nicolae_whirlpool, abyss_entry, hellmouth_1, nicolae_rare_books
Depths:2: minmay_sliced_demisemicircle, enter_ziggurat_f, abyss_entry_crystal,
          hangedman_decor_growths, hell_entry
Depths:3: evilmike_library_of_no_secrets, abyss_entry, rand_demon_pan_entry_1,
          kennysheep_pointless_box, hell_entry, serial_bayou_lake_a
Depths:4: hangedman_pleasuredromes, hell_entry, abyss_entry, uniq_margery
Depths:5: grunt_x_marks_the_spot, hell_entry, hangedman_devilish_allure,
          uniq_boris, uniq_jory
Tar:2:    minmay_shadows
Tar:3:    nicolae_tar_cuneiform_water
Tar:4:    grunt_tartarus_stairs_gauntlet_trap
Tar:5:    nicolae_tar_cuneiform_to_be
Tar:7:    tar_grunt_cathedral
Zot:1:    basic_altar
Zot:2:    nicolae_zot_stationary_front
Zot:3:    hangedman_swamp_dais
Zot:4:    basic_stair_grate_trap
Abyss:2:  evilmike_abyss_exit_kraken
Abyss:3:  nicolae_abyss_rune_star_stuff, evilmike_abyss_exit_3,
          evilmike_abyss_exit_11
Abyss:4:  minivault_13, evilmike_abyss_rune_siren_acolytes
Abyss:5:  evilmike_abyss_exit_glass
Pan:      rand_demon_9, pan_blood_fountain, nicolae_pan_gloorx_vloqian_4,
          evilmike_mnoleg_eyes, pan_blood_fountain_small,
          nicolae_pan_lom_lobonic_2, rand_demon_1, pan_blood_fountain,
          pan_blood_fountain_small, nicolae_pan_sigil_uleosi,
          lemuel_hall_of_pain, lom_lobon_st, pan_blood_fountain, rand_demon_6,
          evilmike_holy_pan, gloorx_vloq_grunt, cerebov_grunt_fire_and_steel,
          rand_demon_3, nicolae_pan_sigil_uleosi
Zig:8:    ziggurat_pillar_centre_c
Bazaar:   bazaar_minmay_snake, bazaar_jpeg_circle_rare_1
Bailey:   bailey_axe_4, bailey
IceCv:    ice_cave_caverns_03

Skill      XL: |  1  2  3  4  5  6  7  8  9 10 11 12 13 14 15 16 17 18 19 20 21 22 23 24 25 26 27 |
---------------+----------------------------------------------------------------------------------+-----
Dodging        | 1 2 3 4 5 6 7 8 9 10 11 12 13 14 15 16 18 | 18.3
Spellcasting   | 2 4 9 12 14 15 | 15.0
Fighting       | 5 6 7 8 9 10 11 12 13 14 15 16 17 18 19 21 | 21.5
Short Blades   | 1 2 4 5 7 9 10 12 13 14 15 16 17 18 | 18.6
Stealth        | 3 4 6 7 9 11 12 13 14 15 16 17 18 19 20 21 | 21.0
Air Magic      | 1 7 |  7.9
Throwing       | 2 5 7 8 9 10 11 12 13 14 16 | 16.5
Shields        | 2 4 11 | 11.8
Evocations     | 2 6 9 11 13 14 | 14.2
Invocations    | 3 10 15 | 15.2
Hexes          | 3 8 12 15 20 | 20.2
Charms         | 4 7 12 | 12.1
Translocations | 9 |  9.8
Bows           | |  1.0

Action                   |  1- 3 |  4- 6 |  7- 9 | 10-12 | 13-15 | 16-18 | 19-21 | 22-24 | 25-27 || total
-------------------------+-------+-------+-------+-------+-------+-------+-------+-------+-------++-------
Melee: Mace              |    72 |    80 |       |       |       |       |       |       |       ||   152
       Tailslap          |     7 |    29 |    39 |   245 |   542 |   438 |   778 |  1077 |  2218 ||  5373
       Dagger            |       |    88 |   349 |  1572 |  1655 |       |       |       |       ||  3664
       Flail             |       |    33 |       |       |       |       |       |       |       ||    33
       Rapier            |       |       |       |       |   592 |       |       |       |       ||   592
       Quick blade       |       |       |       |       |   879 |  2268 |  2967 |  3643 |  8092 || 17849
 Fire: Blowgun           |       |       |       |       |       |       |       |       |    59 ||    59
Throw: Throwing net      |       |       |       |       |     1 |     2 |       |     2 |       ||     5
 Cast: Spectral Weapon   |       |       |       |       |       |       |       |       |   107 ||   107
       Regeneration      |       |       |       |       |       |       |       |       |   190 ||   190
       Invisibility      |       |       |       |       |       |       |       |       |    17 ||    17
       Portal Projectile |       |       |       |       |       |       |       |       |    10 ||    10
       Dazzling Spray    |       |       |       |       |       |       |       |       |   196 ||   196
       Discord           |       |       |       |       |       |       |       |       |    32 ||    32
       Deflect Missiles  |       |       |       |       |       |       |       |       |     4 ||     4
       Blink             |       |       |       |       |       |       |       |       |     3 ||     3
Invok: Potion Petition   |       |       |       |     1 |     1 |     2 |     1 |       |       ||     5
       Call Merchant     |       |       |       |       |     6 |     1 |       |     6 |       ||    13
       Bribe Branch      |       |       |       |       |       |       |       |     1 |       ||     1
       Shadow Form       |       |       |       |       |       |       |       |       |     2 ||     2
       Shadow Step       |       |       |       |       |       |       |       |       |    17 ||    17
Evoke: Wand              |       |       |     2 |     9 |       |     1 |       |       |     5 ||    17
       Sack of spiders   |       |       |       |     1 |       |       |       |       |       ||     1
  Use: Scroll            |     2 |       |    13 |     5 |    27 |    15 |     3 |    22 |    32 ||   119
       Potion            |       |       |       |     7 |     6 |       |     1 |     1 |    23 ||    38
 Stab: Sleeping          |     3 |     4 |     8 |    20 |    65 |    63 |   105 |    50 |   142 ||   460
       Distracted        |       |     1 |     4 |    12 |    15 |    30 |    32 |    30 |   136 ||   260
       Invisible         |       |       |       |     5 |       |     6 |       |       |   203 ||   214
       Held in net/web   |       |       |       |       |     1 |     2 |       |     3 |       ||     6
       Confused          |       |       |       |       |       |       |     2 |       |    27 ||    29
       Paralysed         |       |       |       |       |       |       |       |       |     5 ||     5
  Eat: Chunk             |     1 |     7 |       |       |     1 |       |       |     8 |    25 ||    42
       Ration            |       |     1 |     4 |     9 |    20 |    13 |    13 |    13 |    34 ||   107
Armor: Skin              |    22 |    61 |   101 |   325 |   537 |   264 |   335 |   409 |  1179 ||  3233
Dodge: Dodged            |    56 |   110 |   202 |   893 |  1653 |   735 |  1105 |  1522 |  4244 || 10520
       Deflected         |       |       |       |       |       |       |       |       |    33 ||    33
Block: Buckler           |       |       |       |       |    27 |   320 |   638 |   899 |  2272 ||  4156
       Reflection        |       |       |       |       |       |    29 |    32 |    46 |    13 ||   120

Table legend:
 A = Non-vault XP
 B = Vault XP
 C = Vault XP percentage of total XP
 D = Non-vault monster count
 E = Vault monster count
 F = Vault count percentage of total count
                 A         B        C        D         E       F
            +---------+---------+-------+---------+---------+-------
      Total | 1408472 | 1002794 |  41.6 |    2340 |    1182 |  33.6
            +---------+---------+-------+---------+---------+-------
        D:1 |      11 |       0 |   0.0 |       5 |       0 |   0.0
        D:2 |     184 |       0 |   0.0 |      34 |       0 |   0.0
        D:3 |      69 |       3 |   4.2 |      19 |       1 |   5.0
        D:4 |     128 |     146 |  53.3 |      13 |       9 |  40.9
        D:5 |     572 |       0 |   0.0 |      11 |       0 |   0.0
        D:6 |     651 |      99 |  13.2 |      19 |       1 |   5.0
        D:7 |    1040 |       0 |   0.0 |      24 |       0 |   0.0
        D:8 |     688 |    2328 |  77.2 |      11 |      22 |  66.7
        D:9 |    3156 |       0 |   0.0 |      32 |       0 |   0.0
       D:10 |    3774 |       7 |   0.2 |      47 |       4 |   7.8
       D:11 |    3869 |    3320 |  46.2 |      47 |      18 |  27.7
       D:12 |    3419 |    1405 |  29.1 |      36 |      20 |  35.7
       D:13 |    7591 |    6211 |  45.0 |      35 |      12 |  25.5
       D:14 |   15949 |    3820 |  19.3 |      58 |       9 |  13.4
       D:15 |   30266 |    2448 |   7.5 |      74 |       3 |   3.9
     Lair:1 |    7486 |    2673 |  26.3 |      32 |       4 |  11.1
     Lair:2 |    6061 |       0 |   0.0 |      25 |       0 |   0.0
     Lair:3 |    3492 |    3028 |  46.4 |      21 |      15 |  41.7
     Lair:4 |    4040 |    5285 |  56.7 |      19 |      14 |  42.4
     Lair:5 |    6782 |    1607 |  19.2 |      15 |       2 |  11.8
     Lair:6 |   10460 |   14684 |  58.4 |      34 |      36 |  51.4
    Swamp:1 |   14145 |    3018 |  17.6 |      37 |       1 |   2.6
    Swamp:2 |   19188 |       0 |   0.0 |      35 |       0 |   0.0
    Swamp:3 |   17180 |     323 |   1.8 |      43 |       1 |   2.3
    Swamp:4 |   25078 |   13754 |  35.4 |      51 |      22 |  30.1
    Snake:1 |   26563 |       0 |   0.0 |      50 |       0 |   0.0
    Snake:2 |   20178 |       0 |   0.0 |      36 |       0 |   0.0
    Snake:3 |   24610 |   17976 |  42.2 |      41 |      23 |  35.9
    Snake:4 |   25464 |   50762 |  66.6 |      51 |      76 |  59.8
    Slime:1 |    3669 |       0 |   0.0 |      12 |       0 |   0.0
    Slime:2 |    2104 |       0 |   0.0 |       5 |       0 |   0.0
    Slime:3 |    6843 |       0 |   0.0 |      17 |       0 |   0.0
    Slime:4 |    7105 |       0 |   0.0 |      13 |       0 |   0.0
    Slime:5 |    3336 |   26404 |  88.8 |       5 |      12 |  70.6
      Orc:1 |    3929 |    1644 |  29.5 |      29 |       3 |   9.4
      Orc:2 |    4870 |    6031 |  55.3 |      40 |      64 |  61.5
      Elf:1 |   20107 |    7217 |  26.4 |      32 |      12 |  27.3
      Elf:2 |    9826 |    1799 |  15.5 |      18 |       2 |  10.0
      Elf:3 |   20944 |   31876 |  60.3 |      35 |      20 |  36.4
   Vaults:1 |   16427 |   27346 |  62.5 |      29 |      56 |  65.9
   Vaults:2 |   17222 |   27264 |  61.3 |      26 |      37 |  58.7
   Vaults:3 |   54492 |   18609 |  25.5 |      85 |      23 |  21.3
   Vaults:4 |   41242 |   36265 |  46.8 |      67 |      52 |  43.7
   Vaults:5 |   17583 |   55040 |  75.8 |      23 |      45 |  66.2
    Crypt:1 |    6993 |       0 |   0.0 |      15 |       0 |   0.0
    Crypt:2 |   29845 |       0 |   0.0 |      37 |       0 |   0.0
    Crypt:3 |   28963 |   45679 |  61.2 |      31 |      41 |  56.9
   Depths:1 |   30531 |    3149 |   9.3 |      41 |       7 |  14.6
   Depths:2 |   33072 |   16067 |  32.7 |      41 |       9 |  18.0
   Depths:3 |   39512 |   32258 |  44.9 |      62 |      25 |  28.7
   Depths:4 |   18642 |  109841 |  85.5 |      14 |      92 |  86.8
   Depths:5 |   79060 |   50426 |  38.9 |      61 |      38 |  38.4
       Hell |   20989 |   27658 |  56.9 |      33 |      57 |  63.3
      Tar:1 |   13788 |       0 |   0.0 |      10 |       0 |   0.0
      Tar:2 |   19021 |   11655 |  38.0 |      25 |      21 |  45.7
      Tar:3 |   18125 |       0 |   0.0 |      28 |       0 |   0.0
      Tar:4 |   15723 |    2479 |  13.6 |      27 |      14 |  34.1
      Tar:5 |    5471 |       0 |   0.0 |       5 |       0 |   0.0
      Tar:7 |   16573 |   55575 |  77.0 |      22 |      28 |  56.0
      Zot:1 |   60134 |       0 |   0.0 |      41 |       0 |   0.0
      Zot:2 |   43515 |   11344 |  20.7 |      27 |       8 |  22.9
      Zot:3 |   70169 |   15038 |  17.6 |      42 |      14 |  25.0
      Zot:4 |   51444 |       0 |   0.0 |      31 |       0 |   0.0
    Abyss:1 |   29049 |    2942 |   9.2 |      51 |       1 |   1.9
    Abyss:2 |     176 |       0 |   0.0 |       1 |       0 |   0.0
    Abyss:3 |   13386 |       0 |   0.0 |      34 |       0 |   0.0
    Abyss:4 |   13018 |    7417 |  36.3 |      24 |       9 |  27.3
    Abyss:5 |    1067 |       0 |   0.0 |       2 |       0 |   0.0
        Pan |  176655 |  229356 |  56.5 |     165 |     141 |  46.1
      Zig:1 |    1084 |       0 |   0.0 |       2 |       0 |   0.0
      Zig:2 |    3041 |       0 |   0.0 |       2 |       0 |   0.0
      Zig:3 |    3848 |       0 |   0.0 |       4 |       0 |   0.0
      Zig:4 |    5640 |       0 |   0.0 |       4 |       0 |   0.0
      Zig:5 |   13590 |       0 |   0.0 |       4 |       0 |   0.0
      Zig:6 |    5028 |       0 |   0.0 |       8 |       0 |   0.0
      Zig:7 |    7158 |       0 |   0.0 |       7 |       0 |   0.0
      Zig:8 |    6600 |       0 |   0.0 |      14 |       0 |   0.0
      Zig:9 |    9620 |       0 |   0.0 |      16 |       0 |   0.0
     Zig:10 |    6149 |       0 |   0.0 |      18 |       0 |   0.0
     Bailey |       0 |    1279 | 100.0 |       0 |      26 | 100.0
      IceCv |       0 |    8239 | 100.0 |       0 |      32 | 100.0
            +---------+---------+-------+---------+---------+-------
